Cogmind - Beta 11.1 @@@ ROGUE MODE // 2022.06.14 @ 22:26:20 Player: Savant Result: Escaped! Performance ------------- Evolutions (9) 4500 Regions Visited (31) 6200 Robots Destroyed (388) 1940 Value Destroyed (23249) 23249 Prototype IDs (95) 1900 Alien Tech Used (2) 400 Bonus (22941) 22941 TOTAL SCORE: 61130 Bonus ------- High Alert Combat Kills 2165 Follower Combat Kills 10675 Entered Garrisons 1400 Used RIF Installer 3500 Network Hubs Disabled 400 Found Hidden Lab 3000 Win 3000 Friendly Fire -1199 Cogmind --------- Core Integrity 1393/1600 Matter 274/300 Energy 349/350 System Corruption 0% Temperature Cool (0) Movement Rolling (190) Ox5 Location To Epsilon Eridani Parts ------- > --- POWER (1) -------- Reinforced Quantum Reactor > --- PROPULSION (4) --- Advanced Medium Treads Armored Heavy Treads Centrium Wheel > --- UTILITY (17) ----- Advanced Cooling System Huge Storage Unit Advanced Weight Redist. System Spectral Analyzer Experimental Terrain Scan Processor Advanced Targeting Computer Centrium Light Armor Plating Deep Network Scanner Advanced System Shield Relay Coupler [NC] (16) Relay Coupler [Swarmer] (20) Relay Coupler [Grunt] (7) Relay Coupler [Brawler] (8) Relay Coupler [Duelist] (13) Relay Coupler [Sentry] (8) Relay Coupler [Hunter] (2) Relay Coupler [Behemoth] (2) > --- WEAPON (4) ------- Light Antimatter Cannon Guided Remote Datajack Molecular Scythe Plasma Lance > --- INVENTORY (25) --- Compact Particle Reactor Experimental Energy Well (600) Experimental Energy Well (600) Experimental Energy Well (600) Experimental Matter Compressor (375) Experimental Terrain Scanner Advanced EM Disruption Field Antimissile System Relay Coupler [NC] (31) Relay Coupler [NC] (37) Relay Coupler [Duelist] (31) Relay Coupler [Duelist] (36) Advanced System Restoration Module Sensor Drone Bay (7/20) Transdimensional Reconstructor Heavy Tesla Rifle Enhanced Nova Cannon Enhanced Nova Cannon Enhanced Nova Cannon Enhanced Nova Cannon KE Penetrator Multirail Heavy Shock Bomb Launcher Peak State ------------ > --- POWER ------------ Compact Particle Reactor > --- PROPULSION ------- Armored Heavy Treads Centrium Heavy Treads > --- UTILITY ---------- Advanced Cooling System Huge Storage Unit Experimental Energy Well Spectral Analyzer Experimental Terrain Scan Processor Centrium Light Armor Plating Energy Mantle Antimissile System Hacking Suite Deep Network Scanner Advanced System Shield Relay Coupler [NC] Relay Coupler [Grunt] Relay Coupler [Sentry] Relay Coupler [Hunter] Relay Coupler [Heavy] Relay Coupler [Behemoth] > --- WEAPON ----------- Heavy Tesla Rifle Heavy Tesla Rifle Heavy Tesla Rifle Enhanced Nova Cannon > --- INVENTORY -------- Light Quantum Reactor Centrium Wheel Experimental Energy Well Experimental Energy Well Experimental Matter Compressor Experimental Terrain Scanner Advanced EM Disruption Field Relay Coupler [NC] Relay Coupler [NC] Relay Coupler [NC] Relay Coupler [Swarmer] Relay Coupler [Brawler] Relay Coupler [Duelist] Relay Coupler [Hunter] Sensor Drone Bay Transdimensional Reconstructor Enhanced Nova Cannon Light Antimatter Cannon Guided Remote Datajack Molecular Scythe Molecular Scythe Plasma Lance [Rating: 193] Favorites ----------- Power F-cell Engine Engine F-cell Engine Power Core Nuclear Core Reactor Compact Particle Reactor Propulsion Armored Huge Wheel Treads Heavy Treads Leg Myomer Leg Wheel Armored Huge Wheel Hover Unit Experimental Gyrokinetic Inverter Utility Huge Storage Unit Device Advanced Cooling System Storage Huge Storage Unit Processor Experimental Terrain Scan Processor Hackware Relay Coupler [Grunt] Protection Hardened Heavy Armor Plating Weapon Molecular Scythe Energy Gun Heavy Tesla Rifle Energy Cannon Enhanced Nova Cannon Ballistic Gun Flak Gun Ballistic Cannon Light Antimatter Cannon Launcher Rocket Array Special Weapon Remote Datajack Impact Weapon Powered Hammer Slashing Weapon Molecular Scythe Piercing Weapon Lance Special Melee Weapon Datajack Build | -11 -10 -10 -9 -9 -9 -8 -8 -8 -8 -7 -7 -6 -6 -5 -5 -5 -5 -5 -5 -5 -5 -4 -4 -3 -3 -3 -2 -2 -1 -1 -1 ------- Run | Scr Mat Min Mat Min Exi Min Mat Sto Gar Fac Gar Fac Gar Fac Was Fac Ext Cet Arc Hub Gar Fac Gar Res Arm Lab Res Gar Acc Gar Acc Slots Evolved 18 | . . . 2 . . . 2 . . 2 . 2 . 2 . . . . . . . 2 . 2 . . 2 . 2 . . Power . | . . . . . . . . . . . . . . . . . . . . . . . . . . . . . . . . Propulsion 2 | . . . . . . . 1 . . . . . . 1 . . . . . . . . . . . . . . . . . Utility 15 | . . . 2 . . . 1 . . 2 . 2 . 1 . . . . . . . 2 . 1 . . 2 . 2 . . Weapon 1 | . . . . . . . . . . . . . . . . . . . . . . . . 1 . . . . . . . Parts Attached 925 | 6 14 4 40 2 3 2 35 9 15 19 47 45 33 31 3 29 28 10 8 31 35 96 41 40 92 3 62 41 15 40 46 Power 33 | 1 2 1 2 . . . 2 1 2 . 2 3 1 . . . 2 . . . 1 3 1 1 3 . 4 . . 1 . Engine 16 | 1 2 1 2 . . . 1 . 1 . 1 3 1 . . . 1 . . . 1 1 . . . . . . . . . Core 5 | . . . . . . . 1 1 1 . 1 . . . . . 1 . . . . . . . . . . . . . . Reactor 12 | . . . . . . . . . . . . . . . . . . . . . . 2 1 1 3 . 4 . . 1 . Propulsion 97 | 2 5 3 7 . . . 12 1 5 2 5 2 4 5 . . 1 . 1 . 7 11 7 4 3 1 4 . . 3 2 Treads 49 | 1 4 1 3 . . . 10 . 5 1 1 1 1 1 . . 1 . 1 . 3 3 1 1 3 1 3 . . 2 1 Leg 17 | . . . . . . . . . . . 3 . 2 3 . . . . . . 2 3 4 . . . . . . . . Wheel 30 | 1 1 2 4 . . . 2 1 . 1 1 1 1 1 . . . . . . 2 4 2 3 . . 1 . . 1 1 Hover 1 | . . . . . . . . . . . . . . . . . . . . . . 1 . . . . . . . . . Flight . | . . . . . . . . . . . . . . . . . . . . . . . . . . . . . . . . Utility 382 | 1 2 . 15 2 1 . 8 4 2 11 18 21 12 16 3 18 11 6 7 6 6 42 19 13 49 1 24 12 7 24 21 Device 207 | . 1 . 9 1 . . 5 3 1 5 6 6 4 7 2 11 5 5 6 4 3 26 8 6 37 1 18 6 4 5 12 Storage 21 | 1 1 . . . 1 . . . . . . 1 . . 1 1 . . . . . 5 2 2 3 . . 1 . 2 . Processor 7 | . . . 3 . . . . . . . . . . . . . . . . . . . . . 1 . 2 . . 1 . Hackware 99 | . . . . . . . . 1 . 4 9 7 4 4 . 5 4 . . 1 3 11 9 5 5 . 2 4 2 15 4 Protection 48 | . . . 3 1 . . 3 . 1 2 3 7 4 5 . 1 2 1 1 1 . . . . 3 . 2 1 1 1 5 Artifact . | . . . . . . . . . . . . . . . . . . . . . . . . . . . . . . . . Weapon 413 | 2 5 . 16 . 2 2 13 3 6 6 22 19 16 10 . 11 14 4 . 25 21 40 14 22 37 1 30 29 8 12 23 Energy Gun 65 | 2 4 . 8 . . 2 7 . . . 6 4 3 1 . 1 . . . . . 1 . . 2 . 8 10 2 3 1 Energy Cannon 98 | . . . . . . . 1 3 3 2 4 . . 2 . 5 2 2 . 5 9 11 7 9 18 1 5 2 4 1 2 Ballistic Gun 18 | . . . 1 . . . . . . . . 6 3 1 . . . . . . 2 3 . . . . . . . . 2 Ballistic Cannon 28 | . . . . . . . . . . . . . . . . . 3 . . 8 1 1 . . 1 . 1 3 . 3 7 Launcher 11 | . 1 . . . . . 1 . 1 . 1 1 . . . 1 . . . 2 1 1 . . 1 . . . . . . Special Weapon 103 | . . . . . . . . . . 2 7 5 6 3 . 4 5 . . 2 5 10 4 7 9 . 10 10 2 5 7 Impact Weapon 29 | . . . 7 . 1 . 4 . 2 2 4 3 4 2 . . . . . . . . . . . . . . . . . Slashing Weapon 43 | . . . . . . . . . . . . . . . . . 1 1 . 5 1 10 3 6 5 . 5 3 . . 3 Piercing Weapon 12 | . . . . . . . . . . . . . . 1 . . 3 1 . 2 1 . . . 1 . 1 1 . . 1 Special Melee Weapon 6 | . . . . . 1 . . . . . . . . . . . . . . 1 1 3 . . . . . . . . . Unidentified Prototypes 13 | . . . . . . . 1 . . . . 1 . . 1 1 . . . 1 . 7 . 1 . . . . . . . Corrupted Parts 4 | . . . . . . . . . . . . . . . . . . . 1 . 2 . 1 . . . . . . . . System Corruption 18 | . . . . . . . . . . . . . . . . . . . 8 . 7 . 3 . . . . . . . . Parts Lost 112 | . . 2 9 . . . 4 . 5 . 16 4 9 3 . 1 1 . . 3 7 9 6 5 7 . 10 4 . 6 1 Power 11 | . . . 1 . . . 1 . 1 . 1 . . . . . . . . . 1 2 1 1 . . 2 . . . . Propulsion 30 | . . 2 3 . . . 2 . 3 . 3 . 2 1 . . . . . . 2 5 3 1 1 . 1 . . 1 . Utility 49 | . . . 3 . . . . . 1 . 9 2 6 1 . 1 1 . . 3 1 1 2 2 5 . 4 2 . 5 . Weapon 22 | . . . 2 . . . 1 . . . 3 2 1 1 . . . . . . 3 1 . 1 1 . 3 2 . . 1 Highest Loss Streak 11 | . . 2 4 . . . 1 . 2 . 11 2 7 3 . 1 1 . . 2 2 6 2 3 3 . 8 1 . 3 1 To Critical Strikes 2 | . . . . . . . . . . . . . . . . . . . . . . 1 . . . . 1 . . . . Average Slot Usage (%) 89 | . 96 99 98 100 100 100 96 90 89 86 76 92 90 85 81 81 81 82 80 75 72 96 95 89 89 89 89 90 91 90 95 Engine 3 | . 13 14 11 11 11 11 2 4 . . . 5 6 5 5 5 5 5 5 5 4 1 . . . . . . . . . Reactor 1 | . . . . . . . . . . . . . . . . . . . . . . 3 4 3 4 4 4 4 3 3 3 Treads 8 | . 14 14 11 11 11 11 16 17 20 14 1 3 2 2 5 5 5 5 8 11 10 5 7 6 7 9 7 8 7 6 6 Leg 1 | . . . . . . . . . . . 3 2 2 1 . . . . . . 1 3 4 . . . . . . . . Wheel 5 | . 13 13 10 11 11 11 10 10 6 3 6 6 5 7 5 5 5 5 1 . 1 9 4 5 2 . . . . . 3 Device 11 | . 10 14 12 22 22 22 24 17 9 7 8 4 9 12 4 9 19 24 24 19 14 16 7 4 10 13 8 10 9 4 8 Storage 7 | . 14 14 11 11 11 11 9 9 9 7 7 6 6 5 5 5 5 5 5 5 5 5 10 7 5 9 7 7 7 7 3 Processor 2 | . . . 9 . . . . . . . . . . . . . . . . . . . . . 1 4 8 8 7 10 11 Hackware 26 | . . . . . . . . . 9 20 21 40 27 26 29 28 17 12 11 10 17 39 43 46 40 33 32 32 37 37 38 Protection 4 | . . . 9 11 11 11 9 9 8 7 1 6 13 8 11 6 7 7 7 7 . . . . . . 3 1 1 2 1 Energy Gun 4 | . 27 28 14 22 1 8 12 3 . . 5 5 2 . . . . . . . . . . . . . 3 4 1 10 3 Energy Cannon 3 | . . . . . . . . 12 17 10 . . . . . 2 1 4 . 2 6 4 4 5 3 3 6 . 1 . 4 Special Weapon 1 | . . . . . . . . . . 1 3 3 1 2 5 4 3 . . . . 1 3 1 2 4 1 2 . 1 1 Impact Weapon 1 | . . . 6 . 10 6 4 3 . 2 4 1 4 3 . . . . . . . . . . . . . . . . . Slashing Weapon 1 | . . . . . . . . . . . . . . . . . . 3 5 1 1 1 1 2 5 4 1 4 6 . . Naked Turns . | . . . . . . . . . . . . . . . . . . . . . . . . . . . . . . . . Heaviest Build 175 | 14 52 54 60 58 58 58 73 88 76 90 80 115 114 135 123 153 165 153 153 175 161 149 140 144 151 142 172 140 133 152 165 Greatest Support 160 | 10 20 10 16 10 10 10 45 20 84 76 28 28 28 56 28 28 28 28 150 150 150 60 100 100 160 155 160 140 140 140 90 Greatest Overweight (x) 10 | 1 5 5 5 5 5 5 7 8 7 2 2 4 4 4 4 5 5 5 5 1 8 10 8 8 7 . 1 . . 7 9 Average Overweight (x) 2 | . 2 5 4 5 5 5 5 6 1 1 1 2 3 3 4 4 4 5 1 . 1 4 3 4 . . . . . . 6 Largest Inventory Capacity 25 | 8 20 20 20 20 20 20 20 20 20 20 20 25 25 25 25 25 25 25 25 25 25 25 25 25 25 25 25 25 25 25 25 Average Capacity 23 | 6 12 20 20 20 20 20 20 20 20 20 20 24 25 25 25 25 25 25 25 25 25 25 25 25 25 25 25 25 25 25 25 Most Carried 25 | 4 14 20 20 20 20 20 20 20 20 20 20 25 25 25 25 25 25 25 25 25 25 25 25 25 25 25 25 25 25 25 25 Average Carried 22 | 1 8 17 19 20 20 20 19 19 18 19 17 22 22 24 24 24 23 24 24 23 22 24 24 24 23 19 22 24 24 24 24 Final Capacity 25 | 8 20 20 20 20 20 20 20 20 20 20 20 25 25 25 25 25 25 25 25 25 25 25 25 25 25 25 25 25 25 25 25 Final Carried 25 | 4 14 20 20 20 20 20 20 20 20 20 20 22 25 25 25 24 25 25 25 22 25 23 25 25 24 25 23 25 25 25 23 Class Distribution -------------------- 36% | Bothacker-Mutant 27% | Botlord-Mutant 15% | Mutant 6% | Scavenger-Mutant 3% | Commander-Mutant 3% | Botlord-Tank Dominant Class ---------------- Mutant | -10/Materials Mutant | -10/Mines Mutant | -9/Materials Scavenger-Mutant | -9/Mines Scavenger-Mutant | -9/Exiles Scavenger-Mutant | -8/Mines Mutant | -8/Materials Mutant | -8/Storage Mutant | -8/Garrison Hacker-Mutant | -7/Factory Bothacker-Mutant | -7/Garrison Bothacker-Mutant | -6/Factory Bothacker-Mutant | -6/Garrison Bothacker-Mutant | -5/Factory Bothacker-Mutant | -5/Waste Bothacker-Mutant | -5/Factory Bothacker-Mutant | -5/Extension Commander-Mutant | -5/Cetus Commander-Mutant | -5/Archives Scavenger-Mutant | -5/Hub_04(d) Bothacker-Mutant | -5/Garrison Bothacker-Mutant | -4/Factory Botlord-Mutant | -4/Garrison Botlord-Mutant | -3/Research Botlord-Mutant | -3/Armory Bothacker-Mutant | -3/Lab Wizard-Mutant | -2/Research Botlord-Mutant | -2/Garrison Botlord-Assassin | -1/Access Botlord-Mutant | -1/Garrison Botlord-Mutant | -1/Access Resources | -11 -10 -10 -9 -9 -9 -8 -8 -8 -8 -7 -7 -6 -6 -5 -5 -5 -5 -5 -5 -5 -5 -4 -4 -3 -3 -3 -2 -2 -1 -1 -1 ----------- Run | Scr Mat Min Mat Min Exi Min Mat Sto Gar Fac Gar Fac Gar Fac Was Fac Ext Cet Arc Hub Gar Fac Gar Res Arm Lab Res Gar Acc Gar Acc Matter Collected 17568 | 165 238 73 403 64 . 75 360 70 156 200 578 587 648 372 147 616 1173 99 134 732 1035 1617 619 581 1767 . 1177 1446 173 791 1472 Remotely . | . . . . . . . . . . . . . . . . . . . . . . . . . . . . . . . . Salvage Created 19596 | . 295 184 950 98 . 89 704 319 562 261 845 705 548 450 . 447 541 113 260 830 775 1165 1298 1627 1835 . 1707 1207 . 868 913 Parts 768 | . 17 5 45 3 . 6 26 16 30 6 17 38 21 22 . 14 12 3 16 37 37 71 33 55 89 . 51 42 . 19 37 Haulers Intercepted 6 | . . . 1 . . . 4 1 . . . . . . . . . . . . . . . . . . . . . . . Recyclers Shooed 13 | . 4 1 . . . . 2 . . . . . . 1 . . . . . . . 1 . 2 . . 1 . . . 1 Parts Field Recycled . | . . . . . . . . . . . . . . . . . . . . . . . . . . . . . . . . Retrieved Matter . | . . . . . . . . . . . . . . . . . . . . . . . . . . . . . . . . Parts Self-Destructed . | . . . . . . . . . . . . . . . . . . . . . . . . . . . . . . . . Prevented . | . . . . . . . . . . . . . . . . . . . . . . . . . . . . . . . . Kills | -11 -10 -10 -9 -9 -9 -8 -8 -8 -8 -7 -7 -6 -6 -5 -5 -5 -5 -5 -5 -5 -5 -4 -4 -3 -3 -3 -2 -2 -1 -1 -1 ------- Run | Scr Mat Min Mat Min Exi Min Mat Sto Gar Fac Gar Fac Gar Fac Was Fac Ext Cet Arc Hub Gar Fac Gar Res Arm Lab Res Gar Acc Gar Acc Combat Hostiles Destroyed 312 | . 8 2 27 4 . 2 15 7 15 7 18 18 12 7 . 8 2 1 . 18 16 17 14 10 28 . 21 17 . 10 8 Melee 43 | . . . 6 . . . 5 . 2 . 4 1 5 2 . . 1 . . 1 2 3 1 4 3 . 1 1 . . 1 Guns 71 | . 6 2 15 4 . 2 5 . . . 1 10 6 1 . . . . . . . 2 . . 4 . 3 3 . 4 3 Cannons 107 | . . . 1 . . . . 6 10 2 1 . . 2 . 4 1 . . 12 9 7 9 3 13 . 14 6 . 3 4 AOE 34 | . 2 . . . . . 2 . 3 . 4 4 . . . 3 . . . 5 4 3 . . 4 . . . . . . Classes Destroyed 22 | . 4 1 3 1 . . 1 1 2 . . 2 . 1 . 4 . . . 1 . . 1 . . . . . . . . Worker 16 | . . . . . . . . . . . . 4 . 1 . . . . . 2 . 6 . 1 . . 2 . . . . Builder 8 | . . . . . . . . 1 . . . 4 . . . . . . . 1 . 2 . . . . . . . . . Tunneler 1 | . . . 1 . . . . . . . . . . . . . . . . . . . . . . . . . . . . Hauler 6 | . . . 1 . . . 4 1 . . . . . . . . . . . . . . . . . . . . . . . Recycler 16 | . 1 1 . . . 1 . . . . . . . . . . 3 . . . . 1 . 6 . . 1 . . . 2 Mechanic 1 | . . . . . . . . . . . . . . . . . . . . . . . . . 1 . . . . . . Operator 11 | . . . . . . . 1 . . . . . . 1 . 1 . . 8 . . . . . . . . . . . . Drone 1 | . . . . . . . . . . . . . . . . 1 . . . . . . . . . . . . . . . Watcher 16 | . 1 . 3 . . . 1 . . . . 2 . 1 . . . 1 . 2 . . 1 2 . . . . . . 2 Swarmer 66 | . 3 . 9 . . 2 6 3 4 3 . 6 5 . . . . . . . 9 5 . . 4 . . 6 . . 1 Cutter 3 | . . . . . . . . . . . . . . . . . . . . 3 . . . . . . . . . . . Grunt 113 | . 5 . 12 1 . . 7 3 4 2 10 7 7 . . 4 1 . . 7 1 2 11 7 7 . 3 5 . 7 . Brawler 10 | . . . 1 1 . . . . 2 . 1 . . . . 1 . . . 1 . . 1 . 2 . . . . . . Duelist 12 | . . . . . . . . . 2 1 4 2 . . . . . . . . . . . . 2 . . 1 . . . Protector 2 | . . . . . . . . . . . . . . . . 1 . . . 1 . . . . . . . . . . . Sentry 30 | . . 2 5 . . . 2 1 1 1 3 1 . . . . 1 . . 1 1 3 . . 3 . 2 1 . 1 1 Demolisher 3 | . . . . . . . . . . . . . . . . 2 . . . . 1 . . . . . . . . . . Specialist 8 | . . . . . . . . . 2 . . . . . . . . . . . 2 . . . . . . 4 . . . Hunter 28 | . . . . . . . . . . . . . . 4 . . . . . . 2 2 2 2 1 . 11 . . 2 2 Programmer 32 | . . . . . . . . . . . . 2 . 3 . . . . . 2 . 5 . 1 9 . 5 1 . . 4 Behemoth 1 | . . . . . . . . . . . . . . . . . . . . . . . 1 . . . . . . . . Cetus Guard 1 | . . . . . . . . . . . . . . . . . . 1 . . . . . . . . . . . . . Lightning 3 | . . . . . . . . . . . . . . . . . . . . 3 . . . . . . . . . . . Assembled 2 | . . . . 2 . . . . . . . . . . . . . . . . . . . . . . . . . . . Surgeon 1 | . . . . . . . . . . . . . . . . 1 . . . . . . . . . . . . . . . Best Kill Streak 11 | . 3 2 8 2 . 3 3 5 4 3 5 11 4 4 . 6 1 2 2 6 5 8 3 4 5 . 5 4 . 4 4 Combat Bots Only 8 | . 3 2 8 2 . 2 3 4 4 3 5 4 4 3 . 6 1 1 . 4 5 3 3 3 5 . 4 4 . 4 3 Max Kills in Single Turn 8 | . 2 1 2 1 . 1 1 2 3 1 3 7 1 2 . 3 1 1 1 4 4 8 1 1 4 . 1 1 . 1 2 Gunslinging 1 | . . . 1 . . . . . . . . . . . . . . . . . . . . . . . . . . . . Exploded 4 | . 2 . . . . . 1 . 3 . 3 4 . . . 3 . . . 3 4 3 . . 3 . . . . . . Melee 1 | . . . 1 . . . 1 . 1 . 1 1 1 1 . . 1 . . 1 1 1 1 1 1 . 1 1 . . 1 Uniques/NPCs Destroyed . | . . . . . . . . . . . . . . . . . . . . . . . . . . . . . . . . Combat | -11 -10 -10 -9 -9 -9 -8 -8 -8 -8 -7 -7 -6 -6 -5 -5 -5 -5 -5 -5 -5 -5 -4 -4 -3 -3 -3 -2 -2 -1 -1 -1 -------- Run | Scr Mat Min Mat Min Exi Min Mat Sto Gar Fac Gar Fac Gar Fac Was Fac Ext Cet Arc Hub Gar Fac Gar Res Arm Lab Res Gar Acc Gar Acc Damage Taken 34111 | . 208 316 1199 32 . 23 1180 566 1353 700 3017 1895 1587 1001 . 846 433 141 . 2133 1864 2679 1248 1075 2638 . 4364 1427 80 1542 564 Core 3596 | . . 44 190 . . . 202 78 86 72 439 303 157 180 . 107 33 . . 126 140 387 198 76 185 . 324 62 . 188 19 Absorbed by Shields 3332 | . . . . . . . 144 . . . 9 . . . . . 336 34 . 432 272 157 1020 85 329 . 142 214 . 158 . Reduced by Siege Mode 662 | . . . . . . . . . . . . . . . . . . . . 38 63 40 . 18 41 . 350 58 . 45 9 Redirected to Shielding 263 | . . . . . . . . . . . 109 57 97 . . . . . . . . . . . . . . . . . . Regen/Repaired (Parts) 4114 | . . . . . . . . . . 541 281 261 . . . 85 . . . . . 363 446 489 384 . 1042 . . . 222 Core Remaining (%) 60 | 100 . 82 . . . 52 . . 33 . 27 . 45 . . . . . . . 41 . 49 . . 79 . 73 . . 87 Volleys Fired 1339 | . 27 10 38 6 . 4 39 23 37 17 52 69 29 40 . 52 68 5 . 74 53 133 75 56 98 6 121 75 7 51 74 Largest 4 | . 2 2 2 2 . 2 2 2 2 2 2 2 2 2 . 2 2 2 . 2 2 2 2 2 3 1 4 4 3 4 4 Hottest 454 | . 130 130 130 128 . 128 128 136 136 136 136 108 103 180 . 180 155 162 . 155 180 225 240 225 274 120 454 330 260 330 345 Shots Fired 2192 | . 53 19 76 12 . 8 73 45 70 30 73 110 42 52 . 63 69 11 . 133 89 178 121 66 167 5 263 137 11 108 108 Gun 694 | . 52 19 76 12 . 8 69 . . . 30 80 26 10 . . . . . . 1 32 . . 21 . 84 79 2 63 30 Cannon 1015 | . . . . . . . 1 45 69 26 13 . . 16 . 32 11 11 . 125 71 93 105 43 110 5 148 25 7 21 38 Launcher 19 | . 1 . . . . . 3 . 1 . 3 2 . . . 2 . . . 3 1 1 . . 2 . . . . . . Special 464 | . . . . . . . . . . 4 27 28 16 26 . 29 58 . . 5 16 52 16 23 34 . 31 33 2 24 40 Kinetic 272 | . . . 11 . . . . . . . . 40 13 6 . . 9 . . 65 8 31 . . 21 . 6 13 . 19 30 Thermal 1075 | . 52 19 65 12 . 8 70 45 69 26 43 40 13 20 . 32 2 . . 48 47 63 55 15 89 5 191 12 7 2 25 Explosive 19 | . 1 . . . . . 3 . 1 . 3 2 . . . 2 . . . 3 1 1 . . 2 . . . . . . Electromagnetic 362 | . . . . . . . . . . . . . . . . . . 11 . 12 17 31 50 28 21 . 35 79 2 63 13 Robot Hit Streak 31 | . 11 6 17 4 . 4 26 14 15 9 20 10 13 10 . 8 10 12 . 10 31 15 9 8 17 . 23 19 3 19 13 Robot Miss Streak 7 | . 5 1 3 4 . 5 4 3 4 2 2 7 5 6 . 4 2 1 . 3 4 7 3 4 3 . 4 3 1 3 4 Penetration Max 1 | . . . . . . . . . . . . . . . . . . . . . . 1 . . . . 1 . . . 1 Secondary Targets 9 | . . . 5 . . . . . . . . 1 . . . . . . . . . 2 . . . . . 1 . . . Max Gunslinging Chain 1 | . . . 1 . . . . . . . . 1 . . . . . . . . . 1 . . . . . 1 . . . Shots Hit Robots 1652 | . 30 14 102 11 4 8 71 29 54 21 76 93 53 47 . 40 58 9 13 100 81 109 71 63 119 . 164 106 3 55 48 Core Hits 690 | . 18 6 49 7 . 6 34 10 18 4 28 72 25 15 . 29 9 3 6 66 33 41 22 19 45 . 50 36 . 18 21 Critical Kills 16 | . . . 1 . . . . . . 3 1 . . . . 1 . . . . 1 1 . . 4 . 4 . . . . Critical Parts Destroyed 23 | . . . 6 . . . 2 . 1 . 1 2 2 1 . . . . . . . 2 . . 1 . 5 . . . . Critical Strikes 81 | . 3 . 11 . . . 4 . 1 3 3 5 4 1 . 1 3 2 4 2 4 3 1 1 5 . 12 5 . 2 1 Burn 15 | . 3 . 4 . . . 2 . . . 1 3 2 . . . . . . . . . . . . . . . . . . Meltdown 10 | . . . . . . . . . . 3 . . . . . 1 . . . . 1 1 . . 3 . 1 . . . . Destroy 12 | . . . . . . . . . . . . . . . . . . . . . . 2 . . 2 . 8 . . . . Blast 8 | . . . . . . . . . . . . . . . . . 1 . . 1 1 . . . . . 2 1 . 1 1 Corrupt 7 | . . . . . . . . . . . . . . . . . . 2 . . . . . 1 . . . 3 . 1 . Smash 17 | . . . 7 . . . 2 . 1 . 2 2 2 1 . . . . . . . . . . . . . . . . . Sever 4 | . . . . . . . . . . . . . . . . . . . . 1 1 . 1 . . . . 1 . . . Impale 8 | . . . . . . . . . . . . . . . . . 2 . 4 . 1 . . . . . 1 . . . . Melee Attacks 428 | . . . 61 . 4 1 25 1 14 12 34 19 35 22 . 2 18 . 14 10 22 31 7 29 25 . 14 20 2 . 6 Impact 214 | . . . 61 . . . 25 1 14 12 34 19 35 13 . . . . . . . . . . . . . . . . . Slashing 129 | . . . . . . . . . . . . . . . . . 1 . 2 7 10 26 7 29 25 . 9 8 2 . 3 Piercing 68 | . . . . . . . . . . . . . . 9 . 2 17 . 12 1 7 . . . . . 5 12 . . 3 Sneak Attacks 83 | . . . 6 . 4 1 5 1 . . 6 . 5 3 . 1 4 . 12 1 . 7 7 10 5 . 1 . . . 4 Combat Hostiles 30 | . . . . . . . . . . . 6 . 5 2 . . . . . . . . 7 1 5 . . . . . 4 Follow-up Attacks 12 | . . . . . . . . . . . . . 1 1 . . . . 1 1 4 . . 1 . . . 2 . . 1 Damage Inflicted 50102 | . 546 220 2444 96 . 88 2161 732 1504 409 2198 2427 1304 1344 . 1542 753 291 909 3754 2711 3303 3008 2608 4493 . 5117 2352 127 1739 1922 Guns 10539 | . 404 220 1058 96 . 88 893 . . . 579 1085 293 236 . . . . . . 26 633 . . 441 . 1227 1178 28 1277 777 Cannons 22305 | . . . . . . . 21 609 890 344 247 . . 519 . 668 277 284 . 2902 1671 1842 2273 1010 3150 . 3624 618 99 462 795 Explosions 4761 | . 142 . . . . . 334 . 202 . 255 864 . . . 828 . . . 749 324 324 . . 399 . 141 199 . . . Melee 12484 | . . . 1386 . . . 913 119 412 65 1117 478 1011 589 . 46 476 . 909 103 690 502 735 1598 503 . 125 357 . . 350 Ramming 13 | . . . . . . . . 4 . . . . . . . . . 7 . . . 2 . . . . . . . . . Kinetic 5682 | . . . 151 . . . . . . . . 609 171 160 . . 252 . . 1549 266 492 . . 472 . 130 311 . 413 706 Thermal 21178 | . 404 220 907 96 . 88 914 609 890 344 826 476 122 595 . 783 25 . . 1185 1175 1299 1275 250 2621 . 4823 506 99 49 597 Explosive 4242 | . 142 . . . . . 334 . 202 . 255 864 . . . 713 . . . 685 324 324 . . 399 . . . . . . Electromagnetic 6503 | . . . . . . . . . . . . . . . . . . 284 . 232 256 684 998 760 498 . 39 1178 28 1277 269 Impact 6016 | . . . 1386 . . . 913 119 412 65 1117 478 1011 515 . . . . . . . . . . . . . . . . . Slashing 4064 | . . . . . . . . . . . . . . . . . . . 132 64 359 502 735 1598 503 . . 57 . . 114 Piercing 2404 | . . . . . . . . . . . . . . 74 . 46 476 . 777 39 331 . . . . . 125 300 . . 236 Highest Corruption 21 | . . . 5 5 5 5 . . . . . 4 . 2 2 5 5 5 8 1 7 1 4 3 21 2 . 4 . 3 3 Average Corruption 3 | . . . 4 5 5 5 . . . . . 2 . 1 2 4 5 5 3 1 5 1 1 2 7 2 . 3 . 3 2 Corruption Purged 50 | . . . . . . . . . . . . 7 . . . . . . 13 1 . . . . 23 . . . . . 6 Corruption Blocked . | . . . . . . . . . . . . . . . . . . . . . . . . . . . . . . . . Effects 343 | . . . 3 16 12 3 . . . . . 9 . 11 5 36 37 10 3 2 . 2 28 18 49 4 . 55 . 32 8 Message Errors 83 | . . . 1 2 3 . . . . . . 2 . 3 3 6 8 2 1 1 . . 11 4 12 1 . 13 . 9 1 Matter Fused 95 | . . . 1 6 2 1 . . . . . 1 . 4 1 13 14 1 2 . . 1 4 6 16 1 . 13 . 6 2 Heat Flow Errors 39 | . . . 1 5 . . . . . . . . . 1 . 3 3 1 . . . . 1 . 8 . . 10 . 5 1 Energy Discharges 40 | . . . . 3 3 1 . . . . . 1 . . . 4 5 1 . 1 . . 3 3 3 1 . 8 . 1 2 Parts Rejected 3 | . . . . . . . . . . . . . . . . . 1 . . . . 1 . . . . . . . 1 . Data Loss (minor) 45 | . . . . . 2 1 . . . . . 3 . 1 1 5 5 2 . . . . 6 1 4 . . 8 . 4 2 Data Loss (major) 17 | . . . . . 2 . . . . . . . . 1 . 4 1 2 . . . . 1 3 . . . 1 . 2 . Misfires 10 | . . . . . . . . . . . . 2 . . . 1 . 1 . . . . 1 . 2 . . 1 . 2 . Alerts 7 | . . . . . . . . . . . . . . 1 . . . . . . . . 1 . 2 . . 1 . 2 . Misdirections 1 | . . . . . . . . . . . . . . . . . . . . . . . . . 1 . . . . . . Weapon Failures 3 | . . . . . . . . . . . . . . . . . . . . . . . . 1 1 1 . . . . . Overload Shots 1 | . . . . . . . . . . . . . . . . . . . . . . . 1 . . . . . . . . Overflow Damage 3364 | . . . 224 . . . 266 62 78 35 92 243 312 75 . 8 108 23 370 52 104 247 59 521 144 . 192 66 . . 83 Projectiles 772 | . . . . . . . . 3 20 . 14 . . 1 . 8 . 23 . 52 68 53 59 82 88 . 192 26 . . 83 Explosions 119 | . . . . . . . 18 . 6 . 7 79 . . . . . . . . 1 . . . 8 . . . . . . Melee 2473 | . . . 224 . . . 248 59 52 35 71 164 312 74 . . 108 . 370 . 35 194 . 439 48 . . 40 . . . Knockbacks 49 | . . . 3 . . . 1 . 1 . 2 2 5 1 . . 1 . . 15 5 . . . 4 . 3 1 . 3 2 Impact 12 | . . . 2 . . . 1 . 1 . 1 2 4 1 . . . . . . . . . . . . . . . . . Kinetic 32 | . . . . . . . . . . . . . . . . . 1 . . 14 4 . . . 4 . 3 1 . 3 2 Secondary 5 | . . . 1 . . . . . . . 1 . 1 . . . . . . 1 1 . . . . . . . . . . Self-Inflicted Damage 626 | . 34 . . . . . 44 . . . 92 73 . . . . . . . 88 96 17 . 96 86 . . . . . . Shots 24 | . 1 . . . . . 2 . . . 3 2 . . . . . . . 5 5 1 . 1 4 . . . . . . Rammed 2 | . . . . . . . . 1 . . . . . . . . . 1 . . . . . . . . . . . . . Targets Rammed 3 | . . . . . . . . 1 . . . . . . . . . 1 . . . 1 . . . . . . . . . Kicked 1 | . . . . . . . . . . . . . . . . . . . . . . 1 . . . . . . . . . Crushed . | . . . . . . . . . . . . . . . . . . . . . . . . . . . . . . . . Highest Temperature 446 | . 108 431 300 235 . 90 19 330 446 299 307 216 5 48 . 267 214 163 . 96 197 251 141 1 309 . 405 180 3 202 175 Average Temperature 95 | . 34 223 95 59 . 42 7 118 152 133 139 87 3 48 . 107 101 66 . 35 79 91 48 1 106 . 102 63 3 46 74 Received Heat Transfer 6912 | . 51 153 381 12 . . 557 279 585 135 1194 330 639 . . 160 123 13 . 577 198 296 189 151 284 . 269 53 9 229 45 Effects 10 | . . 6 . . . . . . 2 1 1 . . . . . . . . . . . . . . . . . . . . Shutdowns 2 | . . 1 . . . . . . 1 . . . . . . . . . . . . . . . . . . . . . . Energy Bleed 3 | . . 1 . . . . . . 1 . 1 . . . . . . . . . . . . . . . . . . . . Interference 1 | . . . . . . . . . . 1 . . . . . . . . . . . . . . . . . . . . . Matter Decay 1 | . . 1 . . . . . . . . . . . . . . . . . . . . . . . . . . . . . Damage (major) 3 | . . 3 . . . . . . . . . . . . . . . . . . . . . . . . . . . . . Siege Activations 34 | . . . . . . . . . . . . . . . . . . 1 . 4 4 1 . 1 5 . 10 6 . 1 1 Total Turns 577 | . . . . . . . . . . . . . . . . . . 5 . 143 22 11 . 12 64 . 184 95 . 28 13 Longest Duration 101 | . . . . . . . . . . . . . . . . . . 5 . 101 12 11 . 12 21 . 32 24 . 28 13 Robots Corrupted 23 | . . . . . . . . . . . . . . . . . . 1 . . . 1 5 4 1 . . 7 . 3 1 Combat Hostiles 20 | . . . . . . . . . . . . . . . . . . 1 . . . 1 4 3 1 . . 7 . 3 . Parts Fried 110 | . . . 15 . . . 8 . 1 2 7 5 4 3 . . . 2 . . . 4 12 7 4 . . 26 . 6 4 Impact Corruptions 49 | . . . 12 . . . 8 2 2 2 6 7 8 2 . . . . . . . . . . . . . . . . . Robots Melted 19 | . . . 1 . . . 1 1 . 3 4 . . . . 1 . . . . 1 1 . . 3 . 3 . . . . Combat Hostiles 19 | . . . 1 . . . 1 1 . 3 4 . . . . 1 . . . . 1 1 . . 3 . 3 . . . . Parts Melted 74 | . 3 3 4 . . . 4 4 4 4 12 . 1 2 . 1 . . . . 5 7 3 . 7 . 8 . . . 2 Heat Transferred 26551 | . 1369 518 2070 166 . 161 1940 1073 1591 629 1800 1148 446 631 . 803 37 . . 945 1238 1110 1110 222 2183 . 4466 340 74 37 444 Parts Sabotaged . | . . . . . . . . . . . . . . . . . . . . . . . . . . . . . . . . Parts Stolen . | . . . . . . . . . . . . . . . . . . . . . . . . . . . . . . . . Parts Stripped . | . . . . . . . . . . . . . . . . . . . . . . . . . . . . . . . . Power Chain Reactions 2 | . . . . . . . . . . . . . . . . . . . . . . . . . . . 1 1 . . . Missiles Intercepted 2 | . . . . . . . . . . . . . . . . 2 . . . . . . . . . . . . . . . Alert | -11 -10 -10 -9 -9 -9 -8 -8 -8 -8 -7 -7 -6 -6 -5 -5 -5 -5 -5 -5 -5 -5 -4 -4 -3 -3 -3 -2 -2 -1 -1 -1 ------- Run | Scr Mat Min Mat Min Exi Min Mat Sto Gar Fac Gar Fac Gar Fac Was Fac Ext Cet Arc Hub Gar Fac Gar Res Arm Lab Res Gar Acc Gar Acc Peak Influence 1281 | . 190 45 591 311 . 101 418 228 564 308 436 580 526 290 . 1128 1062 802 534 1142 1281 672 680 423 758 . 524 942 627 466 279 Initial 799 | . . 14 . 230 . . 39 20 148 296 49 218 136 275 . . 499 594 320 116 799 672 14 382 91 . . 293 564 106 279 Average 367 | . 99 6 244 202 . 27 208 100 353 140 253 286 341 81 . 552 639 619 456 493 1003 204 461 265 334 . 211 796 554 359 122 Maximum Alert Level 4 | . . . 2 1 . . 2 1 2 1 2 2 2 1 . 4 3 3 2 4 4 2 2 2 3 . 2 3 2 2 1 Low Security (%) 34 | 100 100 100 35 29 . 100 50 87 26 69 38 27 18 88 100 17 . . . 12 . 52 20 25 38 . 54 . 7 5 84 Level 1 27 | . . . 47 70 . . 44 12 23 30 43 46 44 11 . 22 9 . 23 44 . 39 14 71 23 . 38 3 2 60 15 Level 2 23 | . . . 16 . . . 4 . 50 . 17 26 36 . . 23 61 72 76 10 . 8 64 2 30 . 7 16 90 34 . Level 3 12 | . . . . . . . . . . . . . . . . 28 29 27 . 26 62 . . . 7 . . 80 . . . Level 4 1 | . . . . . . . . . . . . . . . . 8 . . . 5 37 . . . . . . . . . . Level 5 . | . . . . . . . . . . . . . . . . . . . . . . . . . . . . . . . . High Security . | . . . . . . . . . . . . . . . . . . . . . . . . . . . . . . . . Max Security . | . . . . . . . . . . . . . . . . . . . . . . . . . . . . . . . . Squads Dispatched 107 | . 2 . 5 . . . 4 2 . . . 8 . 5 . 9 3 . . 14 . 16 . 5 13 . 9 . 3 . 9 Investigation 15 | . 2 . 3 . . . 1 . . . . 1 . . . 1 . . . . . . . 1 5 . 1 . . . . Extermination 29 | . . . . . . . . . . . . 4 . 1 . 1 . . . 1 . 7 . 3 6 . 3 . 1 . 2 Reinforcement 37 | . . . 2 . . . . 1 . . . 2 . 4 . 4 . . . 7 . 5 . 1 1 . 5 . . . 5 Assault 10 | . . . . . . . . . . . . . . . . 3 3 . . 1 . . . . 1 . . . 1 . 1 Garrison 16 | . . . . . . . 3 1 . . . 1 . . . . . . . 5 . 4 . . . . . . 1 . 1 Intercept . | . . . . . . . . . . . . . . . . . . . . . . . . . . . . . . . . Searches Triggered . | . . . . . . . . . . . . . . . . . . . . . . . . . . . . . . . . Construction Impeded 4 | . . . . . . . . . . . . . . . . 2 . . . . . . . . . . 2 . . . . Haulers Reinforced 6 | . . . . . . . . . . . . . . . . 1 . . . . . 1 . 1 . . . . . . 3 Active Scanning Responses . | . . . . . . . . . . . . . . . . . . . . . . . . . . . . . . . . Cargo Convoy Interrupts 1 | . . . . . . . . . . . . . . . . . . . . . . 1 . . . . . . . . . Alert ID Control Effect 147 | . . . . . . . . . . . 1 7 10 6 . 2 3 . . 1 1 22 1 15 19 . 8 11 3 12 25 Stealth | -11 -10 -10 -9 -9 -9 -8 -8 -8 -8 -7 -7 -6 -6 -5 -5 -5 -5 -5 -5 -5 -5 -4 -4 -3 -3 -3 -2 -2 -1 -1 -1 --------- Run | Scr Mat Min Mat Min Exi Min Mat Sto Gar Fac Gar Fac Gar Fac Was Fac Ext Cet Arc Hub Gar Fac Gar Res Arm Lab Res Gar Acc Gar Acc Distress Signals 40 | . 1 . 5 . . . 1 5 . 1 . 3 . 2 . . 3 1 . 3 . 4 . 1 2 . 6 . . . 2 Communications Jammed 625 | . . . . . . . . . . . . . . 130 . 101 241 . . . . 41 18 18 17 . 3 . . . 56 Distress Signals 624 | . . . . . . . . . . . . . . 130 . 101 241 . . . . 41 18 18 17 . 2 . . . 56 Times Spotted 773 | . 14 2 44 7 . 4 34 14 14 10 33 42 29 22 . 43 50 11 9 45 24 64 25 39 65 . 37 23 5 28 36 Peak Tracking Total 13 | . 3 2 13 2 . 2 8 4 5 3 9 7 5 7 . 9 12 5 2 10 5 7 4 8 5 . 7 4 3 8 4 Tactical Retreats 36 | . . . 2 2 . 1 3 . 1 . . 4 2 1 . . 1 . . 8 . 2 3 3 . . 1 1 . 1 . Traps | -11 -10 -10 -9 -9 -9 -8 -8 -8 -8 -7 -7 -6 -6 -5 -5 -5 -5 -5 -5 -5 -5 -4 -4 -3 -3 -3 -2 -2 -1 -1 -1 ------- Run | Scr Mat Min Mat Min Exi Min Mat Sto Gar Fac Gar Fac Gar Fac Was Fac Ext Cet Arc Hub Gar Fac Gar Res Arm Lab Res Gar Acc Gar Acc Traps Triggered 47 | . 3 . . . . . 1 . 3 . 6 2 4 1 . 4 3 . . . 4 1 . 1 3 . . 7 . 4 . Indirectly . | . . . . . . . . . . . . . . . . . . . . . . . . . . . . . . . . Trap Hack Attempts 18 | . . . . . . . . . . . . . . . . . . . . 18 . . . . . . . . . . . Triggered 1 | . . . . . . . . . . . . . . . . . . . . 1 . . . . . . . . . . . Disarmed 1 | . . . . . . . . . . . . . . . . . . . . 1 . . . . . . . . . . . Reprogrammed 32 | . . . 6 . . . 4 . . . . . . . . . . . . 1 . 5 . . 6 . 10 . . . . Reused 12 | . . . 7 . . . 4 . . . . . . . . . . . . . . . . . 1 . . . . . . Traps Extracted . | . . . . . . . . . . . . . . . . . . . . . . . . . . . . . . . . Installed 4 | . . 1 2 . . . 1 . . . . . . . . . . . . . . . . . . . . . . . . Triggered 16 | . . . 7 . . . 4 . . . . . . . . . . . . . . 4 . . 1 . . . . . . Most Traps Carried 4 | . . 4 3 1 1 1 1 . . . . . . . . . . . . . . . . . . . . . . . . Machines | -11 -10 -10 -9 -9 -9 -8 -8 -8 -8 -7 -7 -6 -6 -5 -5 -5 -5 -5 -5 -5 -5 -4 -4 -3 -3 -3 -2 -2 -1 -1 -1 ---------- Run | Scr Mat Min Mat Min Exi Min Mat Sto Gar Fac Gar Fac Gar Fac Was Fac Ext Cet Arc Hub Gar Fac Gar Res Arm Lab Res Gar Acc Gar Acc Machines Disabled 83 | . . . 1 . . . 1 . 2 . 4 4 4 1 . 2 1 2 2 16 3 4 6 3 9 1 5 5 . 4 3 Max in Single Turn 7 | . . . 1 . . . 1 . 1 . 1 2 1 1 . 1 . . . 7 1 1 1 1 1 1 1 1 . 1 1 Garrison Access 3 | . . . . . . . . . . 1 . . . . . . . . . . . . . 1 . . . . . . 1 Garrison Relay 25 | . . . . . . . . . 2 . 4 . 4 . . . . . . . 3 . 4 . . . . 4 . 4 . Network Hub 2 | . . . . . . . . . . . . . . . . . . . . 2 . . . . . . . . . . . Energy Cycler 1 | . . . . . . . . . . . . . . . . . . . . . . . . . . . . . . . 1 Machines Sabotaged . | . . . . . . . . . . . . . . . . . . . . . . . . . . . . . . . . Garrisons Compromised 1 | . . . . . . . . . . . . . . . . . . . . . . 1 . . . . . . . . . Overloaded Fab Kills 1 | . . . . . . . . . . . . 1 . . . . . . . . . . . . . . . . . . . Hacking | -11 -10 -10 -9 -9 -9 -8 -8 -8 -8 -7 -7 -6 -6 -5 -5 -5 -5 -5 -5 -5 -5 -4 -4 -3 -3 -3 -2 -2 -1 -1 -1 --------- Run | Scr Mat Min Mat Min Exi Min Mat Sto Gar Fac Gar Fac Gar Fac Was Fac Ext Cet Arc Hub Gar Fac Gar Res Arm Lab Res Gar Acc Gar Acc Machines Accessed 124 | . 8 3 8 . 1 . 7 2 . 7 . 12 . 5 . 8 10 . . 8 . 13 . 5 16 1 7 . 3 . . Terminals 81 | . 6 2 5 . . . 6 1 . 4 . 8 . 4 . 7 10 . . 7 . 7 . 2 7 . 3 . 2 . . Fabricators 13 | . . . . . . . . . . . . 2 . 1 . . . . . . . 2 . 2 6 . . . . . . Repair Stations 4 | . . . . . . . . . . . . 1 . . . . . . . . . . . . 2 . 1 . . . . Recycling Units 9 | . 2 . 2 . . . 1 . . . . . . . . 1 . . . . . 1 . . 1 . 1 . . . . Scanalyzers 5 | . . . 1 . . . . . . 1 . . . . . . . . . . . 2 . . . . 1 . . . . Garrison Access 9 | . . . . . . . . 1 . 2 . 1 . . . . . . . 1 . 1 . 1 . . 1 . 1 . . Total Hacks 494 | . 27 8 19 . 1 . 22 3 . 25 . 29 . 13 . 19 22 . . 18 . 114 . 35 91 1 35 . 12 . . Successful 323 | . 14 5 13 . 1 . 16 2 . 21 . 20 . 10 . 9 10 . . 10 . 77 . 25 51 1 30 . 8 . . Failed 170 | . 12 3 6 . . . 6 1 . 4 . 9 . 3 . 10 12 . . 8 . 37 . 10 40 . 5 . 4 . . Catastrophic 22 | . . . 1 . . . 2 . . . . . . 1 . 2 1 . . 1 . 6 . 1 7 . . . . . . Database Lockouts 1 | . 1 . . . . . . . . . . . . . . . . . . . . . . . . . . . . . . Manual 234 | . 16 6 7 . . . 13 1 . 7 . 12 . 9 . 13 5 1 . 10 . 63 . 17 37 . 11 . 6 . . Terminals 334 | . 24 7 14 . . . 21 2 . 13 . 21 . 9 . 17 22 . . 17 . 66 . 19 50 . 21 . 11 . . Fabricators 61 | . . . . . . . . . . . . 5 . 4 . . . . . . . 15 . 14 23 . . . . . . Repair Stations 14 | . . . . . . . . . . . . 2 . . . . . . . . . . . . 10 . 2 . . . . Recycling Units 24 | . 3 . 2 . . . 1 . . . . . . . . 2 . . . . . 4 . . 8 . 4 . . . . Scanalyzers 47 | . . . 3 . . . . . . 9 . . . . . . . . . . . 28 . . . . 7 . . . . Garrison Access 11 | . . . . . . . . 1 . 3 . 1 . . . . . . . 1 . 1 . 2 . . 1 . 1 . . Terminal Hacks 131 | . 9 4 5 . 1 . 8 . . 5 . 9 . 2 . 4 8 . . 4 . 26 . 10 17 1 13 . 5 . . Record 2 | . . . . . 1 . . . . . . . . . . . . . . . . . . . . 1 . . . . . Part Schematic 6 | . 1 . . . . . . . . . . 1 . . . . . . . . . . . 1 1 . 2 . . . . Robot Schematic 3 | . . . . . . . . . . . . . . . . . . . . . . 2 . 1 . . . . . . . Robot Analysis 6 | . 1 1 . . . . . . . . . . . . . . . . . . . 1 . . 2 . 1 . . . . Prototype ID Bank 14 | . 2 . 2 . . . 1 . . . . 2 . 1 . . . . . . . 2 . 2 1 . 1 . . . . Open Door 8 | . . 1 . . . . . . . . . . . . . . 7 . . . . . . . . . . . . . . Level Access Points 2 | . . . . . . . . . . . . . . . . . . . . . . . . . . . 1 . 1 . . Branch Access Points 6 | . . . . . . . 1 . . . . . . . . 1 . . . . . 1 . 1 . . 1 . 1 . . Machine Index 2 | . . . . . . . . . . . . . . . . . . . . . . . . . 1 . 1 . . . . Terminal Index 5 | . . . . . . . . . . . . 1 . . . 1 . . . 1 . 1 . 1 . . . . . . . Repair Station Index 1 | . . . . . . . . . . . . . . . . . . . . . . . . 1 . . . . . . . Scanalyzer Index 1 | . . . . . . . . . . . . . . . . . . . . . . 1 . . . . . . . . . Garrison Index 3 | . . . . . . . . . . . . . . . . . . . . 1 . 1 . . . . . . 1 . . Alert Level 1 | . 1 . . . . . . . . . . . . . . . . . . . . . . . . . . . . . . Unreport Threat 20 | . . 1 . . . . 2 . . 1 . 2 . . . 1 1 . . 1 . 4 . . 4 . 1 . 2 . . Locate Traps 15 | . 1 . 2 . . . 1 . . 2 . 2 . . . . . . . . . 1 . . 4 . 2 . . . . Reprogram Traps 7 | . . . 1 . . . 1 . . . . . . . . . . . . . . 2 . . 1 . 2 . . . . Recall Extermination 6 | . . . . . . . . . . . . . . . . . . . . . . 3 . . 2 . 1 . . . . Recall Reinforcements 3 | . . . . . . . . . . . . . . . . . . . . 1 . 2 . . . . . . . . . Hauler Manifests 3 | . 1 . . . . . . . . . . . . . . . . . . . . 1 . 1 . . . . . . . Zone Layout 17 | . 2 1 . . . . 2 . . 2 . 1 . 1 . 1 . . . . . 4 . 2 1 . . . . . . Fabricator Hacks 24 | . . . . . . . . . . . . 1 . 1 . . . . . . . 8 . 5 9 . . . . . . Network Status 5 | . . . . . . . . . . . . 1 . 1 . . . . . . . 1 . 1 1 . . . . . . Load Schematic 9 | . . . . . . . . . . . . . . . . . . . . . . 3 . 2 4 . . . . . . Build 10 | . . . . . . . . . . . . . . . . . . . . . . 4 . 2 4 . . . . . . Repair Station Hacks 12 | . . . . . . . . . . . . 2 . . . . . . . . . . . . 8 . 2 . . . . Scan Component 6 | . . . . . . . . . . . . 1 . . . . . . . . . . . . 4 . 1 . . . . Repair 6 | . . . . . . . . . . . . 1 . . . . . . . . . . . . 4 . 1 . . . . Recycling Unit Hacks 5 | . . . . . . . . . . . . . . . . 2 . . . . . 1 . . 1 . 1 . . . . Report Inventory 3 | . . . . . . . . . . . . . . . . . . . . . . 1 . . 1 . 1 . . . . Retrieve Components 2 | . . . . . . . . . . . . . . . . 2 . . . . . . . . . . . . . . . Scanalyzer 43 | . . . 3 . . . . . . 9 . . . . . . . . . . . 25 . . . . 6 . . . . Insert Component 23 | . . . 2 . . . . . . 4 . . . . . . . . . . . 12 . . . . 5 . . . . Analyze 20 | . . . 1 . . . . . . 5 . . . . . . . . . . . 13 . . . . 1 . . . . Garrison Access Hacks 11 | . . . . . . . . 1 . 3 . 1 . . . . . . . 1 . 1 . 2 . . 1 . 1 . . Unlock Access 7 | . . . . . . . . 1 . 1 . 1 . . . . . . . 1 . 1 . . . . 1 . 1 . . Seal Access 2 | . . . . . . . . . . 1 . . . . . . . . . . . . . 1 . . . . . . . Coupler Status 2 | . . . . . . . . . . 1 . . . . . . . . . . . . . 1 . . . . . . . Unauthorized Hacks 97 | . 5 1 5 . . . 8 1 . 4 . 7 . 7 . 3 2 . . 5 . 16 . 8 16 . 7 . 2 . . Terminals 57 | . 3 1 3 . . . 7 1 . 4 . 3 . 4 . 3 2 . . 5 . 7 . 3 5 . 4 . 2 . . Track 5 | . . 1 . . . . 1 . . . . . . . . . . . . 2 . . . . 1 . . . . . . Assimilate 7 | . . . . . . . 1 . . . . . . 1 . . 1 . . . . 3 . . . . 1 . . . . Botnet 35 | . 3 . 3 . . . 4 1 . 3 . 3 . 2 . 2 1 . . 3 . 3 . 2 3 . 1 . 1 . . Disrupt 2 | . . . . . . . . . . . . . . . . . . . . . . . . . 1 . 1 . . . . Operators 8 | . . . . . . . 1 . . 1 . . . 1 . 1 . . . . . 1 . 1 . . 1 . 1 . . Fabricators 26 | . . . . . . . . . . . . 4 . 3 . . . . . . . 6 . 5 8 . . . . . . Report 6 | . . . . . . . . . . . . 1 . 1 . . . . . . . 1 . 1 2 . . . . . . Prioritize 5 | . . . . . . . . . . . . . . . . . . . . . . 2 . 1 2 . . . . . . Liberate 8 | . . . . . . . . . . . . 1 . 1 . . . . . . . 2 . 2 2 . . . . . . Haulers 6 | . . . . . . . . . . . . 1 . 1 . . . . . . . 1 . 1 2 . . . . . . Overload 1 | . . . . . . . . . . . . 1 . . . . . . . . . . . . . . . . . . . Repair Stations . | . . . . . . . . . . . . . . . . . . . . . . . . . . . . . . . . Recycling Units 14 | . 2 . 2 . . . 1 . . . . . . . . . . . . . . 3 . . 3 . 3 . . . . Reject 3 | . . . . . . . . . . . . . . . . . . . . . . 1 . . 1 . 1 . . . . Recyclers 3 | . . . . . . . . . . . . . . . . . . . . . . 1 . . 1 . 1 . . . . Mask 3 | . . . . . . . . . . . . . . . . . . . . . . 1 . . 1 . 1 . . . . Tunnel 5 | . 2 . 2 . . . 1 . . . . . . . . . . . . . . . . . . . . . . . . Scanalyzers . | . . . . . . . . . . . . . . . . . . . . . . . . . . . . . . . . Garrison Access . | . . . . . . . . . . . . . . . . . . . . . . . . . . . . . . . . Data Cores Recovered 3 | . . . . . . . . . . . . . . . . . . . . . . 1 . . 1 . . . 1 . . Used 2 | . . . . . . . . . . . . . . . . . . . . . . 1 . . . . . . 1 . . Hacking Detections 95 | . 6 1 6 . . . 6 2 . 6 . 10 . 5 . 7 5 . . 7 . 8 . 4 14 . 6 . 2 . . Full Trace Events 8 | . . . 1 . . . . . . . . . . . . 1 . . . . . . . 1 4 . 1 . . . . Feedback Events . | . . . . . . . . . . . . . . . . . . . . . . . . . . . . . . . . Feedback Blocked . | . . . . . . . . . . . . . . . . . . . . . . . . . . . . . . . . Robot Schematics Acquired 3 | . . . . . . . . . . . . . . . . . . . . . . 2 . 1 . . . . . . . Robots Built 8 | . . . . . . . . . . . . . . . . . . . . . . 3 . 1 4 . . . . . . Authchips 3 | . . . . . . . . . . . . . . . . . . . . . . 2 . 1 . . . . . . . Time 343 | . . . . . . . . . . . . . . . . . . . . . . 88 . 31 224 . . . . . . Total Robot Build Rating 50 | . . . . . . . . . . . . . . . . . . . . . . 19 . 7 24 . . . . . . Part Schematics Acquired 23 | . 1 . 1 . . . . . . 4 . 1 . . . . . . . . . 11 . 1 1 . 3 . . . . Parts Built 5 | . . . . . . . . . . . . . . . . . . . . . . 2 . 1 2 . . . . . . Authchips 1 | . . . . . . . . . . . . . . . . . . . . . . 1 . . . . . . . . . Time 227 | . . . . . . . . . . . . . . . . . . . . . . 162 . 34 31 . . . . . . Total Part Build Rating 34 | . . . . . . . . . . . . . . . . . . . . . . 16 . 8 10 . . . . . . Parts Repaired 6 | . . . . . . . . . . . . 1 . . . . . . . . . . . . 4 . 1 . . . . Time 278 | . . . . . . . . . . . . 44 . . . . . . . . . . . . 198 . 36 . . . . Parts Recycled . | . . . . . . . . . . . . . . . . . . . . . . . . . . . . . . . . Recycled Matter . | . . . . . . . . . . . . . . . . . . . . . . . . . . . . . . . . Retrieved Matter . | . . . . . . . . . . . . . . . . . . . . . . . . . . . . . . . . Retrieved Components 3 | . . . . . . . . . . . . . . . . 3 . . . . . . . . . . . . . . . Parts Scanalyzed 17 | . . . 1 . . . . . . 4 . . . . . . . . . . . 11 . . . . 1 . . . . Part Schematics Acquired 17 | . . . 1 . . . . . . 4 . . . . . . . . . . . 11 . . . . 1 . . . . Parts Damaged 4 | . . . . . . . . . . . . . . . . . . . . . . 4 . . . . . . . . . Bothacking | -11 -10 -10 -9 -9 -9 -8 -8 -8 -8 -7 -7 -6 -6 -5 -5 -5 -5 -5 -5 -5 -5 -4 -4 -3 -3 -3 -2 -2 -1 -1 -1 ------------ Run | Scr Mat Min Mat Min Exi Min Mat Sto Gar Fac Gar Fac Gar Fac Was Fac Ext Cet Arc Hub Gar Fac Gar Res Arm Lab Res Gar Acc Gar Acc Used RIF Installer 7 | . . . . . . . . . 1 . 1 . 1 . . . . . . . 1 . 1 . . . . 1 . 1 . Signal Jammer 1 | . . . . . . . . . . . . . 1 . . . . . . . . . . . . . . . . . . Robot Detection 1 | . . . . . . . . . . . . . . . . . . . . . . . 1 . . . . . . . . Patrol Navigation 1 | . . . . . . . . . . . . . . . . . . . . . . . . . . . . . . 1 . Alert ID Control 1 | . . . . . . . . . . . 1 . . . . . . . . . . . . . . . . . . . . Structural Interface 1 | . . . . . . . . . . . . . . . . . . . . . 1 . . . . . . . . . . Program Shield 1 | . . . . . . . . . . . . . . . . . . . . . . . . . . . . 1 . . . Robots Hacked 240 | . . . . . 4 1 . . . 2 17 14 11 12 . 15 19 . . 2 4 23 7 16 12 . 17 10 2 20 32 Non-combat 81 | . . . . . 3 1 . . . 2 . 6 . 6 . 7 6 . . 1 1 13 . 5 3 . 16 . 2 . 9 Combat 159 | . . . . . 1 . . . . . 17 8 11 6 . 8 13 . . 1 3 10 7 11 9 . 1 10 . 20 23 Robot Hacks Applied 272 | . . . . . 4 1 . . . 3 17 18 11 15 . 19 20 . . 2 6 30 8 17 12 . 23 10 2 21 33 parse_system 21 | . . . . . 4 1 . . . . . 2 . 1 . . 7 . . . 2 2 . 1 . . . . . 1 . no_distress 2 | . . . . . . . . . . . . 1 . . . . . . . . . 1 . . . . . . . . . find_chute 1 | . . . . . . . . . . . . . . 1 . . . . . . . . . . . . . . . . . ignore_repairs 26 | . . . . . . . . . . . . . . . . 1 1 . . 1 . 4 . . . . 19 . . . . randomize_corridors 2 | . . . . . . . . . . . . . . . . . 1 . . . . . . . . . 1 . . . . find_fabricator 3 | . . . . . . . . . . . . . . 1 . 1 . . . . . 1 . . . . . . . . . drop_inventory 14 | . . . . . . . . . . . . 3 . 2 . 1 . . . . . 1 . 2 . . . . 1 . 4 ignore_parts 9 | . . . . . . . . . . . . 1 . 1 . 2 1 . . . . 2 . 2 . . . . . . . find_station 1 | . . . . . . . . . . . . . . . . 1 . . . . . . . . . . . . . . . purge_threat 6 | . . . . . . . . . . . . . . 1 . 3 . . . . . 2 . . . . . . . . . locate_traps 1 | . . . . . . . . . . . . . . . . . . . . . . . . . . . . . . . 1 block_reporting 3 | . . . . . . . . . . . . . . . . . . . . . . 1 . . . . 1 . 1 . . map_route 10 | . . . . . . . . . . 1 . 2 . 1 . . . . . . . 1 . 1 1 . . . . . 3 relay_feed 1 | . . . . . . . . . . 1 . . . . . . . . . . . . . . . . . . . . . find_garrison 1 | . . . . . . . . . . . . 1 . . . . . . . . . . . . . . . . . . . link_fov 1 | . . . . . . . . . . . . . . . . . . . . . . . . . . . 1 . . . . scatter_targeting 3 | . . . . . . . . . . . . . . . . . 2 . . . . . . . 1 . . . . . . reboot_system 31 | . . . . . . . . . . . 4 . 2 3 . 1 3 . . . . 3 2 1 2 . . 3 . 2 5 overwrite_iff 45 | . . . . . . . . . . . 6 2 4 1 . 3 3 . . 1 . 1 . 4 4 . . . . 6 10 formatsys_low 10 | . . . . . . . . . . 1 . . . 1 . 1 . . . . . 4 . . 2 . . . . . 1 formatsys_high 81 | . . . . . . . . . . . 7 6 5 2 . 5 2 . . . 4 7 6 6 2 . 1 7 . 12 9 Relay Couplers Released 104 | . . . . . . . . . 7 . 18 . 13 . . . . . . . 10 . 17 4 . . . 15 . 18 2 Machine Destruction 104 | . . . . . . . . . 7 . 18 . 13 . . . . . . . 10 . 17 4 . . . 15 . 18 2 Attached 82 | . . . . . . . . . . 2 8 6 4 4 . 4 4 . . . 3 6 9 3 3 . 1 4 2 15 4 Fabnet Peak Effective % . | . . . . . . . . . . . . . . . . . . . . . . . . . . . . . . . . Robots Rewired 35 | . . . . . . . . . . . . . . . . . 14 . . 1 1 . . . 7 . 1 11 . . . Allies Hacked 17 | . . . . . . . . . . . . . . 5 . 1 . . . . . 2 . . 9 . . . . . . Hacks Repelled 2 | . . . . . . . . . . . . . . . . . . . . . . . . . 2 . . . . . . Allies | -11 -10 -10 -9 -9 -9 -8 -8 -8 -8 -7 -7 -6 -6 -5 -5 -5 -5 -5 -5 -5 -5 -4 -4 -3 -3 -3 -2 -2 -1 -1 -1 -------- Run | Scr Mat Min Mat Min Exi Min Mat Sto Gar Fac Gar Fac Gar Fac Was Fac Ext Cet Arc Hub Gar Fac Gar Res Arm Lab Res Gar Acc Gar Acc Total Allies 242 | . . . . 3 . . . . . 1 13 10 9 7 20 9 32 4 . 2 5 19 6 14 31 . 2 18 . 18 19 Largest Group 20 | . . . . 3 3 3 3 . . 1 5 7 4 6 20 20 19 15 10 6 2 6 6 9 14 . 1 17 16 10 11 Highest-Rated Group 803 | . . . . 40 40 40 40 . . 22 99 163 152 195 803 803 748 586 548 452 94 287 272 413 638 . 178 773 715 612 585 Highest-Rated Ally 219 | . . . . 16 16 16 16 . . 22 32 41 47 49 50 65 159 159 96 96 65 137 49 49 58 . 178 148 69 219 69 Total Orders 172 | . . . . . . . . 5 . 9 10 11 9 10 . 6 10 4 . 7 2 15 20 2 5 . 2 17 . 13 15 STAY 52 | . . . . . . . . . . . 4 1 6 3 . . 5 1 . . 1 5 9 . 1 . . 9 . 7 . FOLLOW 40 | . . . . . . . . . . . 2 1 3 4 . . 4 3 . . 1 3 4 . 1 . . 8 . 6 . AID 20 | . . . . . . . . . . 1 3 1 . . . 1 . . . . . 2 6 2 3 . . . . . 1 DROP 2 | . . . . . . . . . . . . . . . . . . . . . . 2 . . . . . . . . . PICKUP 1 | . . . . . . . . . . . . . . . . . . . . . . 1 . . . . . . . . . EXPLORE 35 | . . . . . . . . 1 . 3 . 2 . 1 . 5 . . . 6 . 2 . . . . 2 . . . 13 RETURN 22 | . . . . . . . . 4 . 5 1 6 . 2 . . 1 . . 1 . . 1 . . . . . . . 1 Ally Attacks 1648 | . . . . 6 . 3 20 . . . 35 58 45 48 . 189 223 56 38 41 11 122 11 129 196 . 58 43 44 82 190 Total Damage 50654 | . . . . 61 . 30 247 . . . 511 1244 1269 1550 . 7013 6009 1758 1339 1420 108 4560 335 4023 6521 . 1759 986 1336 3038 5537 Kills 303 | . . . . 2 . 1 6 . . . 1 9 10 7 . 54 41 8 5 7 1 32 1 15 34 . 8 11 6 16 28 Allies Corrupted 15 | . . . . . . . . . . . . 3 . 1 . . . . . . . . 1 3 5 . . . 1 . 1 Allies Melted 1 | . . . . . . . . . . . . . . . . 1 . . . . . . . . . . . . . . . Intel | -11 -10 -10 -9 -9 -9 -8 -8 -8 -8 -7 -7 -6 -6 -5 -5 -5 -5 -5 -5 -5 -5 -4 -4 -3 -3 -3 -2 -2 -1 -1 -1 ------- Run | Scr Mat Min Mat Min Exi Min Mat Sto Gar Fac Gar Fac Gar Fac Was Fac Ext Cet Arc Hub Gar Fac Gar Res Arm Lab Res Gar Acc Gar Acc Robot Analysis Total 6 | . 1 1 . . . . . . . . . . . . . . . . . . . 1 . . 2 . 1 . . . . Derelict Logs Recovered 2 | . . 1 . 1 . . . . . . . . . . . . . . . . . . . . . . . . . . . Drone Launches 68 | . . . . . . . . 5 . 7 1 6 . 4 . 6 2 . . 6 . 6 1 . . . 2 . . . 22 Drone Recoveries 49 | . . . . . . . . 5 . 7 1 6 . 3 . 3 2 . . 3 . 3 1 . . . 1 . . . 14 Exploration | -11 -10 -10 -9 -9 -9 -8 -8 -8 -8 -7 -7 -6 -6 -5 -5 -5 -5 -5 -5 -5 -5 -4 -4 -3 -3 -3 -2 -2 -1 -1 -1 ------------- Run | Scr Mat Min Mat Min Exi Min Mat Sto Gar Fac Gar Fac Gar Fac Was Fac Ext Cet Arc Hub Gar Fac Gar Res Arm Lab Res Gar Acc Gar Acc Turns Passed 38769 | 46 848 966 1337 569 385 251 1384 263 1044 1052 1494 1849 1366 1284 376 1288 1496 365 469 974 1351 2816 3148 1317 2249 455 1346 3210 451 2103 1217 Spaces Moved 18702 | 37 627 593 583 320 241 148 673 89 564 554 906 974 738 734 229 689 719 157 215 334 587 1372 1275 557 983 245 427 1723 241 776 392 Core 1 | 1 . . . . . . . . . . . . . . . . . . . . . . . . . . . . . . . Treads 6403 | . 10 . . . . . 4 . 318 216 . . . . . . . . 134 334 468 36 597 62 772 245 427 1723 241 765 51 Legs . | . . . . . . . . . . . . . . . . . . . . . . . . . . . . . . . . Wheels 12298 | 36 617 593 583 320 241 148 669 89 246 338 906 974 738 734 229 689 719 157 81 . 119 1336 678 495 211 . . . . 11 341 Hover . | . . . . . . . . . . . . . . . . . . . . . . . . . . . . . . . . Flight . | . . . . . . . . . . . . . . . . . . . . . . . . . . . . . . . . Fastest Speed 50 | 50 95 155 145 155 155 155 110 125 125 130 115 115 145 130 160 160 160 175 160 160 150 150 160 145 145 152 152 165 165 165 190 Average Speed 163 | 89 114 155 154 155 155 155 158 174 147 153 116 142 150 146 160 160 173 175 165 189 177 160 203 179 157 152 167 165 165 233 234 Slowest Speed 270 | 95 160 155 155 155 155 155 232 200 185 240 130 160 160 160 160 175 175 175 175 240 240 240 232 240 250 152 250 165 165 250 270 Overloaded Moves . | . . . . . . . . . . . . . . . . . . . . . . . . . . . . . . . . Propulsion Burnouts . | . . . . . . . . . . . . . . . . . . . . . . . . . . . . . . . . Robots Hopped . | . . . . . . . . . . . . . . . . . . . . . . . . . . . . . . . . Cave-ins Triggered . | . . . . . . . . . . . . . . . . . . . . . . . . . . . . . . . . Exploration Rate (%) 54 | 3 74 96 57 70 63 46 66 15 54 18 74 31 66 22 89 24 76 48 76 57 73 30 81 17 67 96 21 95 11 91 29 Regions Visited 31 Branch Regions 11 Pre-discovered Areas 6 | . 2 . 2 . 1 . 1 . . . . . . . . . . . . . . . . . . . . . . . . Known Exits Taken 11 | . . . . . . 1 1 1 . 1 . 1 . . . 1 . . . 1 . 1 . 1 . . 1 . 1 . . Unknown Exits Taken 11 | 1 1 1 1 1 1 . . . . . . . . . . . 1 1 1 . . . . . 1 1 . . . . . Scrap Searched 2 | . . 1 . 1 . . . . . . . . . . . . . . . . . . . . . . . . . . . Spaces Dug 161 | . 9 . 13 . . . 4 . . 4 9 3 3 8 . 8 1 . . 3 . 25 . 8 14 . 31 3 6 . 9 Terrain Destroyed 912 | . 9 . 13 . . . 28 . 1 4 29 83 3 11 . 58 3 . . 364 22 74 21 14 51 . 70 14 7 2 31 Melee 85 | . . . 13 . . . 4 . . 4 . 3 3 8 . 1 1 . . 2 . 13 . 6 12 . 8 3 2 . 2 Projectile 211 | . . . . . . . . . . . . . . 3 . 12 2 . . 19 5 41 21 8 23 . 51 4 5 2 15 AOE 612 | . 9 . . . . . 24 . 1 . 29 80 . . . 45 . . . 343 17 20 . . 16 . 10 5 . . 13 Terrain Rammed . | . . . . . . . . . . . . . . . . . . . . . . . . . . . . . . . . Walls Destroyed . | . . . . . . . . . . . . . . . . . . . . . . . . . . . . . . . . Machines Disabled . | . . . . . . . . . . . . . . . . . . . . . . . . . . . . . . . . Actions | -11 -10 -10 -9 -9 -9 -8 -8 -8 -8 -7 -7 -6 -6 -5 -5 -5 -5 -5 -5 -5 -5 -4 -4 -3 -3 -3 -2 -2 -1 -1 -1 --------- Run | Scr Mat Min Mat Min Exi Min Mat Sto Gar Fac Gar Fac Gar Fac Was Fac Ext Cet Arc Hub Gar Fac Gar Res Arm Lab Res Gar Acc Gar Acc Total 24209 | 46 702 622 836 388 250 160 879 147 680 701 1207 1294 897 869 241 814 888 234 306 522 790 1789 1711 782 1511 326 832 1959 279 977 570 Wait 1875 | . 18 . 76 52 2 6 59 15 15 84 94 154 9 16 1 3 22 51 59 39 62 73 275 60 224 51 177 64 2 72 40 Move 18676 | 36 626 592 582 319 240 147 672 89 563 554 905 974 737 734 228 688 718 156 214 334 586 1372 1273 556 982 244 426 1722 241 775 391 Hop . | . . . . . . . . . . . . . . . . . . . . . . . . . . . . . . . . Pick Up 404 | 4 12 11 18 4 . . 19 3 7 5 17 20 16 11 2 9 10 5 6 8 16 36 20 20 46 13 17 20 6 15 8 Fast Attach 134 | 6 6 . 5 . . . 5 3 3 4 9 3 5 9 2 8 2 . 3 1 7 10 4 6 10 . 7 2 2 10 2 Attach 197 | . . 2 10 . . . 5 . 5 4 16 11 8 7 . 8 4 2 2 2 9 27 9 13 16 2 12 6 2 8 7 Detach 47 | . . . 2 . . . . . 1 2 5 1 . 2 . 2 1 1 . 1 3 12 5 2 2 . 2 . . 2 1 Swap 596 | . 8 2 25 2 3 2 25 6 7 11 22 31 20 15 1 13 22 8 3 28 19 59 28 21 66 1 45 33 11 22 37 Drop 333 | . 5 4 17 5 1 . 29 6 4 7 3 11 8 16 7 11 6 5 7 8 7 32 14 19 43 9 12 13 6 13 5 Fire 1339 | . 27 10 38 6 . 4 39 23 37 17 52 69 29 40 . 52 68 5 . 74 53 133 75 56 98 6 121 75 7 51 74 Melee 405 | . . . 61 . 4 1 25 1 14 12 34 19 32 18 . 2 18 . 12 9 18 30 7 28 24 . 13 16 2 . 5 Ram . | . . . . . . . . . . . . . . . . . . . . . . . . . . . . . . . . Kick 1 | . . . . . . . . . . . . . . . . . . . . . . 1 . . . . . . . . . Crush 2 | . . . . . . . . 1 . . . . . . . . . 1 . . . . . . . . . . . . . Escape Stasis 159 | . . . . . . . . . 24 . 48 . 33 . . 16 16 . . . 8 . . . . . . 6 . 8 . Rewire 19 | . . . . . . . . . . 1 2 1 . 1 . 2 1 . . . 2 4 1 1 . . . 2 . 1 . Trap 22 | . . 1 2 . . . 1 . . . . . . . . . . . . 18 . . . . . . . . . . . Miscellaneous . | . . . . . . . . . . . . . . . . . . . . . . . . . . . . . . . . Route ------- -11/Scrapyard -10/Materials (discovered 3 exits: *Mat x2 / *Min) -10/Mines (discovered 2 exits: *Mat x2) -9/Materials (discovered 2 exits: *Mat / [*Min]) -9/Mines (discovered 2 exits: *Mat / *Exi) -9/Exiles -8/Mines -8/Materials (discovered 2 exits: *Fac / *Sto) -8/Storage -8/Garrison (discovered 2 exits: *Fac x2) -7/Factory (discovered 2 exits: *Low / Gar) -7/Garrison -6/Factory (discovered 3 exits: *Low x2 / Gar) -6/Garrison -5/Factory -5/Waste -5/Factory (discovered 4 exits: *Upp x2 / *Ext x2) -5/Extension (discovered 2 exits: *Fac / *Cet) -5/Cetus -5/Archives (discovered 3 exits: *Fac / *Hub x2) -5/Hub_04(d) (discovered 2 exits: *Fac / Gar) -5/Garrison (discovered 2 exits: *Fac x2) -4/Factory (discovered 5 exits: *Res x2 / Upp x2 / Gar) -4/Garrison -3/Research (discovered 3 exits: *Arm / Qua x2) -3/Armory (discovered 2 exits: Res / *Lab) -3/Lab -2/Research (discovered 6 exits: *Acc x3 / Tes x2 / Gar) -2/Garrison (discovered 2 exits: *Acc x2) -1/Access (discovered 3 exits: Sur / Com / Gar) -1/Garrison (discovered 2 exits: [*Acc x2]) -1/Access (discovered 2 exits: *Sur / Com) To Epsilon Eridani History --------- Turn | Location | Event 2 | -11/Scrapyard | Met Revision 17 17 | -11/Scrapyard | Discovered new exit (range 15) 47 | -11/Scrapyard | Entered Materials 167 | -10/Materials | Discovered new exit (range 8) 321 | -10/Materials | Build established: Mutant 324 | -10/Materials | Discovered new exit (range 14) 559 | -10/Materials | Discovered new exit (range 8) 562 | -10/Materials | Central database locked down 895 | -10/Materials | Entered Mines 1145 | -10/Mines | Found a hidden stash of uninstalled traps 1288 | -10/Mines | Discovered new exit (range 5) 1323 | -10/Mines | Received a Rocket Launcher from a helpful Derelict 1380 | -10/Mines | Found the Drone Emporium 1390 | -10/Mines | Found Prototype Device 1483 | -10/Mines | Learned Materials terminal intel 1521 | -10/Mines | Discovered new exit (range 5) 1861 | -10/Mines | Entered Materials 1861 | -9/Materials | Evolved 2 slots: Utility x2 1862 | -9/Materials | Loaded intel: 12 terminal locations 2083 | -9/Materials | Lost 4 parts (2n1u1w) 2194 | -9/Materials | Discovered new exit (range 6) 2496 | -9/Materials | Identified exit to Materials 2636 | -9/Materials | Discovered new exit (range 16) 2756 | -9/Materials | Identified Sensor Drone Bay 3120 | -9/Materials | Destroyed 8 combat bots 3198 | -9/Materials | Entered Mines 3215 | -9/Mines | Met a Derelict bent on vengeance 3274 | -9/Mines | Assembled infested the area 3494 | -9/Mines | Assisted by bots powering up and referring to "LRC-V3" 3518 | -9/Mines | Discovered exit to Materials (range 3) 3761 | -9/Mines | Deemed a non-threat by the Exiles lab entrance 3761 | -9/Mines | Discovered new exit (range 5) 3767 | -9/Mines | Entered Exiles 3767 | -9/Exiles | Accompanied by 3 allies 3777 | -9/Exiles | Build established: Scavenger-Mutant 3808 | -9/Exiles | Met 8R-AWN 3834 | -9/Exiles | Met EX-HEX 3894 | -9/Exiles | Met EX-DEC 3941 | -9/Exiles | Learned location of Zion (-7) 3980 | -9/Exiles | Met EX-BIN 4136 | -9/Exiles | Discovered new exit (range 11) 4152 | -9/Exiles | Entered Mines 4152 | -8/Mines | Accompanied by 3 allies 4392 | -8/Mines | Discovered exit to Materials (range 7) 4403 | -8/Mines | Entered Materials 4403 | -8/Materials | Accompanied by 3 allies 4403 | -8/Materials | Evolved 2 slots: Propulsion x1, Utility x1 4404 | -8/Materials | Identified exit to Factory 4842 | -8/Materials | Build established: Mutant 5100 | -8/Materials | Garrison activated, responded to threat 5223 | -8/Materials | Identified exit to Storage 5787 | -8/Materials | Entered Storage 5981 | -8/Storage | Garrison activated, responded to threat 6009 | -8/Storage | Core integrity fell below 50% 6050 | -8/Storage | Identified exit to Garrison 6050 | -8/Storage | Entered Garrison 6057 | -8/Garrison | Installed Relay Interface Framework 6150 | -8/Garrison | Triggered checkpoint 6218 | -8/Garrison | Discovered exit to Factory (range 9) 6232 | -8/Garrison | Triggered checkpoint 6275 | -8/Garrison | Triggered checkpoint 6320 | -8/Garrison | Triggered checkpoint 6364 | -8/Garrison | Triggered checkpoint 6597 | -8/Garrison | Discovered exit to Factory (range 12) 6793 | -8/Garrison | Garrison Relay disabled 6967 | -8/Garrison | Garrison Relay disabled 7094 | -8/Garrison | Entered Factory 7094 | -7/Factory | Evolved 2 slots: Utility x2 7275 | -7/Factory | Discovered new exit (range 13) 7280 | -7/Factory | Identified exit to Lower Caves 7286 | -7/Factory | Build established: Bothacker-Mutant 7688 | -7/Factory | Build established: Hacker-Mutant 8146 | -7/Factory | Identified exit to Garrison 8146 | -7/Factory | Entered Garrison 8146 | -7/Garrison | Accompanied by 1 ally 8153 | -7/Garrison | Expanded RIF knowledge: Alert ID Control 8299 | -7/Garrison | Lost 4 parts (1n3u) 8328 | -7/Garrison | Garrison Relay disabled 8458 | -7/Garrison | Core integrity fell below 50% 8508 | -7/Garrison | Lost 11 parts (1p2n5u3w) 8576 | -7/Garrison | Triggered checkpoint 8617 | -7/Garrison | Discovered new exit (range 13) 8637 | -7/Garrison | Build established: Bothacker-Mutant 8651 | -7/Garrison | Identified exit to Factory 8692 | -7/Garrison | Triggered checkpoint 8728 | -7/Garrison | Garrison Relay disabled 8810 | -7/Garrison | Triggered checkpoint 8988 | -7/Garrison | Triggered checkpoint 9040 | -7/Garrison | Garrison Relay disabled 9238 | -7/Garrison | Triggered checkpoint 9336 | -7/Garrison | Triggered checkpoint 9373 | -7/Garrison | Garrison Relay disabled 9434 | -7/Garrison | Triggered checkpoint 9640 | -7/Garrison | Entered Factory 9640 | -6/Factory | Accompanied by 5 allies 9640 | -6/Factory | Evolved 2 slots: Utility x2 9713 | -6/Factory | Discovered new exit (range 5) 9729 | -6/Factory | Identified exit to Lower Caves 10154 | -6/Factory | Discovered exit to Lower Caves (range 16) 10177 | -6/Factory | Found Rocket Array 10561 | -6/Factory | Garrison activated, responded to threat 10769 | -6/Factory | Repaired Arm. Huge Wheel 11489 | -6/Factory | Identified exit to Garrison 11489 | -6/Factory | Entered Garrison 11489 | -6/Garrison | Accompanied by 1 ally 11497 | -6/Garrison | Expanded RIF knowledge: Signal Jamming 11542 | -6/Garrison | Triggered checkpoint 11549 | -6/Garrison | Garrison Relay disabled 11772 | -6/Garrison | Lost 7 parts (2n4u1w) 11922 | -6/Garrison | Triggered checkpoint 11922 | -6/Garrison | Triggered checkpoint 11923 | -6/Garrison | Core integrity fell below 50% 12026 | -6/Garrison | Triggered checkpoint 12070 | -6/Garrison | Garrison Relay disabled 12166 | -6/Garrison | Triggered checkpoint 12240 | -6/Garrison | Triggered checkpoint 12267 | -6/Garrison | Garrison Relay disabled 12426 | -6/Garrison | Triggered checkpoint 12486 | -6/Garrison | Garrison Relay disabled 12786 | -6/Garrison | Discovered new exit (range 15) 12855 | -6/Garrison | Entered Factory 12855 | -5/Factory | Accompanied by 3 allies 12855 | -5/Factory | Evolved 2 slots: Propulsion x1, Utility x1 13562 | -5/Factory | Lost 3 parts (1n1u1w) 13796 | -5/Factory | Discovered new exit (range 12) 13837 | -5/Factory | Identified exit to Upper Caves 14139 | -5/Factory | Sucked down chute 14139 | -5/Factory | Entered Waste 14140 | -5/Waste | Joined by Warlord forces that had cleared the area 14213 | -5/Waste | Found Damper Plating 14496 | -5/Waste | Discovered new exit (range 10) 14515 | -5/Waste | Entered Factory 14515 | -5/Factory | Accompanied by 20 allies 15214 | -5/Factory | Discovered exit to Upper Caves (range 36) 15280 | -5/Factory | Identified exit to Extension 15415 | -5/Factory | First assault squad dispatched 15803 | -5/Factory | Entered Extension 15947 | -5/Extension | Rescued a captive Derelict 15947 | -5/Extension | Rescued a captive Derelict 16024 | -5/Extension | Rescued a captive Derelict 16103 | -5/Extension | First assault squad dispatched 16112 | -5/Extension | Rescued A7 16224 | -5/Extension | Rescued a captive Derelict 16224 | -5/Extension | Rescued a captive Derelict 16341 | -5/Extension | Rescued a captive Derelict 16344 | -5/Extension | Rescued a captive Derelict 16380 | -5/Extension | Rescued a captive Derelict 16381 | -5/Extension | Rescued a captive Derelict 16727 | -5/Extension | Spotted B-75 Beast 16740 | -5/Extension | Allies destroyed B-75 Beast 16750 | -5/Extension | Spotted B-75 Beast 16771 | -5/Extension | Allies destroyed B-75 Beast 16965 | -5/Extension | Rescued a captive Derelict 16966 | -5/Extension | Rescued a captive Derelict 17172 | -5/Extension | Build established: Commander-Mutant 17243 | -5/Extension | Discovered new exit (range 10) 17245 | -5/Extension | Discovered new exit (range 6) 17299 | -5/Extension | Entered Cetus 17299 | -5/Cetus | Accompanied by 15 allies (A7) 17304 | -5/Cetus | Acquired a Cetus Manufacturing Module code from A7 17325 | -5/Cetus | Spotted Cetus Guard 17325 | -5/Cetus | Spotted Cetus Guard 17327 | -5/Cetus | Spotted Cetus Guard 17331 | -5/Cetus | Spotted Cetus Guard 17341 | -5/Cetus | Allies destroyed Cetus Guard 17343 | -5/Cetus | Allies destroyed Cetus Guard 17352 | -5/Cetus | Extracted ID and sensor layout for unrecognized location from A7's data core 17352 | -5/Cetus | Allies destroyed Cetus Guard 17358 | -5/Cetus | Destroyed Cetus Guard 17457 | -5/Cetus | Started Cetus Manufacturing Module 17482 | -5/Cetus | Manufactured an Enhanced Grunt 17487 | -5/Cetus | Discovered new exit (range 16) 17507 | -5/Cetus | Manufactured an Enhanced Grunt 17532 | -5/Cetus | Manufactured an Enhanced Grunt 17557 | -5/Cetus | Manufactured an Enhanced Grunt 17560 | -5/Cetus | Cetus Manufacturing Module disabled 17664 | -5/Cetus | Entered Archives 17664 | -5/Archives | Accompanied by 10 allies 17949 | -5/Archives | Discovered new exit (range 15) 18013 | -5/Archives | Discovered new exit (range 15) 18074 | -5/Archives | Discovered new exit (range 13) 18133 | -5/Archives | Entered Hub_04(d) 18133 | -5/Hub_04(d) | Accompanied by 6 allies 18184 | -5/Hub_04(d) | Garrison activated, responded to threat 18245 | -5/Hub_04(d) | Discovered new exit (range 67) 18411 | -5/Hub_04(d) | Found Prototype Device 18411 | -5/Hub_04(d) | Identified Exp. Thermal Shield 18447 | -5/Hub_04(d) | Build established: Scavenger-Mutant 18692 | -5/Hub_04(d) | Network Hub disabled 18710 | -5/Hub_04(d) | Spotted Lightning 18715 | -5/Hub_04(d) | Spotted Lightning 18718 | -5/Hub_04(d) | Spotted Lightning 18775 | -5/Hub_04(d) | Destroyed Lightning 18793 | -5/Hub_04(d) | Destroyed Lightning 18817 | -5/Hub_04(d) | Destroyed Lightning 18938 | -5/Hub_04(d) | Network Hub disabled 19011 | -5/Hub_04(d) | Garrison activated, responded to threat 19011 | -5/Hub_04(d) | Garrison activated, responded to threat 19033 | -5/Hub_04(d) | First assault squad dispatched 19107 | -5/Hub_04(d) | Identified exit to Garrison 19107 | -5/Hub_04(d) | Entered Garrison 19115 | -5/Garrison | Expanded RIF knowledge: Structural Interface 19146 | -5/Garrison | Triggered checkpoint 19262 | -5/Garrison | Garrison Relay disabled 19266 | -5/Garrison | Triggered checkpoint 19266 | -5/Garrison | Triggered checkpoint 19363 | -5/Garrison | Core integrity fell below 50% 19580 | -5/Garrison | Build established: Bothacker-Mutant 19837 | -5/Garrison | Discovered new exit (range 12) 19914 | -5/Garrison | Triggered checkpoint 19956 | -5/Garrison | Garrison Relay disabled 20118 | -5/Garrison | Triggered checkpoint 20176 | -5/Garrison | Discovered new exit (range 10) 20202 | -5/Garrison | Triggered checkpoint 20298 | -5/Garrison | Garrison Relay disabled 20458 | -5/Garrison | Entered Factory 20458 | -4/Factory | Accompanied by 2 allies 20458 | -4/Factory | Evolved 2 slots: Utility x2 20615 | -4/Factory | Build established: Botlord-Mutant 20679 | -4/Factory | Identified exit to Upper Caves 21115 | -4/Factory | Garrison activated, responded to threat 21237 | -4/Factory | Lost 6 parts (1p3n1u1w) 21269 | -4/Factory | Build established: Bothacker-Mutant 21378 | -4/Factory | Cargo convoy interrupted 21463 | -4/Factory | Found Prototype Device 21463 | -4/Factory | Identified Adv. EM Disruption Field 21467 | -4/Factory | P-70 Sage assimilated allied Veteran 7c 21472 | -4/Factory | Found Prototype Slashing Weapon 21480 | -4/Factory | Found Prototype Slashing Weapon 21480 | -4/Factory | Identified Molecular Scythe (x2) 21794 | -4/Factory | Discovered new exit (range 15) 21939 | -4/Factory | Fabricated Enh. Nova Cannon (x1) 22002 | -4/Factory | Fabricated M-36 Artificer (x1) 22193 | -4/Factory | Fabricated P-70 Sage (x2) 22212 | -4/Factory | P-70 Sage assimilated allied Technician 7a 22516 | -4/Factory | Sage 7b assimilated hostile H-77 Assassin 22608 | -4/Factory | Fabricated Exp. Cooling System (x1) 23229 | -4/Factory | Discovered new exit (range 7) 23252 | -4/Factory | Garrison activated, responded to threat 23274 | -4/Factory | Identified exit to Garrison 23274 | -4/Factory | Entered Garrison 23274 | -4/Garrison | Accompanied by 1 ally 23285 | -4/Garrison | Expanded RIF knowledge: Robot Detection 23616 | -4/Garrison | Triggered checkpoint 23656 | -4/Garrison | Garrison Relay disabled 23809 | -4/Garrison | Spotted B-86 Titan 23942 | -4/Garrison | Build established: Botlord-Mutant 24245 | -4/Garrison | Triggered checkpoint 24380 | -4/Garrison | Triggered checkpoint 24682 | -4/Garrison | Destroyed B-86 Titan 24953 | -4/Garrison | Garrison Relay disabled 24956 | -4/Garrison | Triggered checkpoint 25226 | -4/Garrison | Garrison Relay disabled 25274 | -4/Garrison | Discovered new exit (range 8) 25302 | -4/Garrison | Identified exit to Research 25405 | -4/Garrison | Triggered checkpoint 25526 | -4/Garrison | Triggered checkpoint 25548 | -4/Garrison | Garrison Relay disabled 25742 | -4/Garrison | Triggered checkpoint 25818 | -4/Garrison | Core integrity fell below 50% 26422 | -4/Garrison | Entered Research 26422 | -3/Research | Accompanied by 6 allies 26422 | -3/Research | Evolved 2 slots: Utility x1, Weapon x1 26634 | -3/Research | Spotted B-86 Titan 26634 | -3/Research | Allies destroyed B-86 Titan 26720 | -3/Research | P-80 Master assimilated allied Veteran 7g 26872 | -3/Research | Identified exit to Armory 26872 | -3/Research | Identified exit to Quarantine 27134 | -3/Research | Fabricated M-36 Artificer (x1) 27194 | -3/Research | Lost 3 parts (1n1u1w) 27225 | -3/Research | Found Hvy. Reflective Plating 27514 | -3/Research | Fabricated Exp. Terrain Scanner (x1) 27739 | -3/Research | Entered Armory 27739 | -3/Armory | Accompanied by 2 allies 27900 | -3/Armory | Found Prototype Processor 27903 | -3/Armory | Identified Exp. Terrain Scan Processor 27979 | -3/Armory | Fabricated P-70 Sage (x2) 28145 | -3/Armory | Repaired Exp. Cooling System? 28472 | -3/Armory | P-80 Master assimilated allied Swordsman 8e 28557 | -3/Armory | Sage 8b assimilated hostile W-44 Eye 28697 | -3/Armory | Fabricated P-70 Sage (x2) 29028 | -3/Armory | First assault squad dispatched 29164 | -3/Armory | System corruption reached 10% 29205 | -3/Armory | Lost 3 parts (3u) 29215 | -3/Armory | Discovered new exit (range 25) 29247 | -3/Armory | Found Quantum Capacitor 29256 | -3/Armory | Found Antimissile System 29368 | -3/Armory | Assisted by bots powering up and referring to "LRC-V3" 29385 | -3/Armory | Discovered new exit (range 29) 29464 | -3/Armory | Fabricated Imp. System Restoration Module (x2) 29732 | -3/Armory | Repaired Imp. System Restoration Module 29782 | -3/Armory | Repaired Energy Mantle 29797 | -3/Armory | P-80 Master assimilated allied Champion 8c 29800 | -3/Armory | P-80 Master assimilated allied Veteran 8i 29808 | -3/Armory | Repaired Imp. System Restoration Module? 29812 | -3/Armory | P-80 Master assimilated allied Veteran 8a 29814 | -3/Armory | P-80 Master assimilated allied Veteran 8f 29841 | -3/Armory | Build established: Bothacker-Mutant 29988 | -3/Armory | Entered Lab 29988 | -3/Lab | Discovered new exit (range 9) 30005 | -3/Lab | Hidden lab's door opened automatically 30005 | -3/Lab | Sensor layout match revealed 30006 | -3/Lab | Gained access to the hidden lab's interior 30069 | -3/Lab | Found Alien Artifact 30095 | -3/Lab | Found Alien Artifact 30102 | -3/Lab | Found Alien Artifact 30152 | -3/Lab | Found Prototype Special Weapon 30156 | -3/Lab | Identified Gui. Remote Datajack 30179 | -3/Lab | Unable to decrypt terminal 30305 | -3/Lab | Found Prototype Energy Gun 30309 | -3/Lab | Found Prototype Energy Gun 30312 | -3/Lab | Identified Hyp. EM Gauss Rifle (x2) 30313 | -3/Lab | Found Prototype Protection 30316 | -3/Lab | Identified Med. Regenerative Plating 30317 | -3/Lab | Found Prototype Hackware 30323 | -3/Lab | Identified Deep Network Scanner 30347 | -3/Lab | Found Alien Artifact 30443 | -3/Lab | Entered Research 30443 | -2/Research | Evolved 2 slots: Utility x2 30477 | -2/Research | Spotted B-90 Cyclops 30520 | -2/Research | Discovered new exit (range 14) 30582 | -2/Research | Identified exit to Access 30821 | -2/Research | Found Prototype Processor 30873 | -2/Research | Identified Spectral Analyzer 31164 | -2/Research | Identified Core Reset Matrix 31164 | -2/Research | Identified Transdimensional Reconstructor 31164 | -2/Research | Identified Core Expander 31164 | -2/Research | Identified Integrated Dissipator 31164 | -2/Research | Installed Core Expander, added new Weapon slot 31166 | -2/Research | Installed Integrated Dissipator, increased core heat dissipation (+20) 31381 | -2/Research | Spotted B-90 Cyclops 31399 | -2/Research | Repaired Centrium Heavy Treads 31403 | -2/Research | Rewired B-90 Cyclops 31512 | -2/Research | Identified exit to Testing 31638 | -2/Research | Lost 8 parts (1p1n3u3w) 31778 | -2/Research | Identified exit to Garrison 31789 | -2/Research | Entered Garrison 31798 | -2/Garrison | Expanded RIF knowledge: Program Shield 31854 | -2/Garrison | Triggered checkpoint 31889 | -2/Garrison | Garrison Relay disabled 31969 | -2/Garrison | Spotted B-90 Cyclops 32129 | -2/Garrison | Rewired B-90 Cyclops 32131 | -2/Garrison | Triggered checkpoint 32134 | -2/Garrison | Triggered checkpoint 32234 | -2/Garrison | Triggered checkpoint 32404 | -2/Garrison | Triggered checkpoint 32418 | -2/Garrison | Garrison Relay disabled 32592 | -2/Garrison | Garrison Relay disabled 32639 | -2/Garrison | Triggered checkpoint 32707 | -2/Garrison | Build established: Botlord-Mutant 32722 | -2/Garrison | Triggered checkpoint 32842 | -2/Garrison | Triggered checkpoint 33062 | -2/Garrison | Triggered checkpoint 33080 | -2/Garrison | Discovered exit to Access (range 17) 33462 | -2/Garrison | Triggered checkpoint 33517 | -2/Garrison | Discovered exit to Access (range 7) 33634 | -2/Garrison | Triggered checkpoint 33683 | -2/Garrison | Garrison Relay disabled 34651 | -2/Garrison | Found Antimissile System 34999 | -2/Garrison | Entered Access 34999 | -1/Access | Accompanied by 16 allies 34999 | -1/Access | Evolved 2 slots: Utility x2 35184 | -1/Access | Identified exit to Surface 35184 | -1/Access | Identified exit to Command 35264 | -1/Access | Found Exp. Shock Absorption System 35277 | -1/Access | First assault squad dispatched 35314 | -1/Access | Build established: Botlord-Assassin 35397 | -1/Access | Garrison activated, responded to threat 35399 | -1/Access | P-80 Master assimilated allied Terminator 9a 35449 | -1/Access | Identified exit to Garrison 35450 | -1/Access | Entered Garrison 35450 | -1/Garrison | Accompanied by 6 allies 35476 | -1/Garrison | Triggered checkpoint 35517 | -1/Garrison | Garrison Relay disabled 35763 | -1/Garrison | Spotted B-99 Colossus 35771 | -1/Garrison | Assimilated Colossus 10a with formatsys_high 35774 | -1/Garrison | Triggered checkpoint 35897 | -1/Garrison | Lost 3 parts (1n2u) 35925 | -1/Garrison | Found Multirail 36082 | -1/Garrison | Discovered new exit (range 10) 36119 | -1/Garrison | Expanded RIF knowledge: Patrol Navigation 36184 | -1/Garrison | Garrison Relay disabled 36200 | -1/Garrison | Triggered checkpoint 36486 | -1/Garrison | Triggered checkpoint 36701 | -1/Garrison | Triggered checkpoint 36778 | -1/Garrison | Build established: Botlord-Mutant 36836 | -1/Garrison | Garrison Relay disabled 37011 | -1/Garrison | Discovered new exit (range 10) 37050 | -1/Garrison | Triggered checkpoint 37086 | -1/Garrison | Garrison Relay disabled 37553 | -1/Garrison | Entered Access 37553 | -1/Access | Accompanied by 10 allies 37847 | -1/Access | Discovered exit to Command (range 30) 38496 | -1/Access | Energy Cycler disabled 38724 | -1/Access | Discovered exit to Surface (range 6) 38770 | *** | Escaped! Last Messages --------------- 38672_ Jacked G-73 Enforcer... >>formatsys_high Rerouting network defenses. Erasing system data. Installing primary routines, ETC: 6. 38676_ Jacked B-74 Champion... >>formatsys_high Rerouting network defenses. Erasing system data. Installing primary routines, ETC: 6. 38677_ R-10 Processor collects Quantum Rifle. 38678_ Enforcer 10c reactivates. 38678_ Reactivated Champion 10d. 38683_ R-10 Processor collects Adv. Heat Sink. 38687_ R-10 Processor collects Unknown Ballistic Gun. 38693_ Acquired 94 matter. 38724_ The Access Shell folds into the floor. 38724_ EXIT=FOUND: SURFACE 38737_ K-01 Serf cleans the Terminal. [Achievement: One Last FU] Map ----- +----------------------------------------------------+ | ???????????????????# #???????????????????????????? | | ???????????????????# #????#??????????????????????? | | ???????????????????# #????# ??????????????????? | | #######????????????# #????# ??????????????????? | | ####???#######/###### ??????????????????? | | ! """#???# = # ??????????????????? | | """#???# + ??????????????????? | | ""#???#"" # ??????????????????? | | * F""#???#"" # !??????????????????? | | """#???#"" ######?????????????????? | | ########T #??????????????????????? | | %! #"" #??????????????????????? | | #"" !! #??????????????????????? | | #######+### #"" ! ##?????????????????????? | | # ## +! #?????????????????????? | | # ## #= ! ##?????????????????????? | | # """ ## # #??????????????????????? | | # """ ## ##############??????????????????????? | | # R" ## #?????###???????????????????????????? | | # """ ## ####### ##########??????????????????? | | # "" ## """T""" "??????????????????? | | # ## """ """ "????BB????????????? | | # ## "????BB????????????? | | ####+###### "??????????????????? | | ####??????# "" "??????????????????? | | ??????# @" "??????????????????? | | ####??????# "??????????????????? | | ??????????# g b "????BB????????????? | | ??????????# m "????BB????????????? | | ??????????# "??????????????????? | | ??????????# ####### ##########??????????????????? | | ??????????# #?????###???????????????????????????? | | ??????????# #???????????????????????????????????? | | ??????????# #???????????????????????????????????? | | ??????????# #???????????????????????????????????? | | ??????????# #???????????????????????????????????? | | ??????????# #???????????????????????????????????? | | ??????????# #???????????????????????????????????? | | ??????????# #???????????????????????????????????? | | ?????????? ????????????????????????????????????? | | ?????????? "T????????????????????????????????????? | | ?????????? ""????????????????????????????????????? | | ?????????? ????????????????????????????????????? | | ??????????#??????????????????????????????????????? | | ?????????????????????????????????????????????????? | | ?????????????????????????????????????????????????? | | ?????????????????????????????????????????????????? | | ?????????????????????????????????????????????????? | | ?????????????????????????????????????????????????? | | ?????????????????????????????????????????????????? | +----------------------------------------------------+ Best States ------------- Heat Dissipation 131 Coolant Potential 100 Energy Generation 25 Energy Capacity 1580 Matter Stores 300 Matter Capacity 300 Sight Range 24 Robot Scan Range 18 Terrain Scan Range 30 Terrain Scan Density 1010 Additional Mass Support 9 Armor Coverage 3200 Resistance: TH 30 Resistance: EX 75 Resistance: EM 90 Propulsion Shielding 66 Weapon Shielding 90 Point Defense Rating 240 Phase Shifting 15 Evasion (%) 55 Targeting Accuracy 8 Recoil Reduction 4 Offensive Hacking 47 Defensive Hacking 14 Relay Coupler Types 8 Relay Coupler Value 195 Authchip Count 5 Item Schematics ----------------- Hcp. Storage Unit | -10/Materials | Hacked Huge Storage Unit | -9/Materials | Scanalyzed Hacking Suite | -7/Factory | Scanalyzed Hrd. Heavy Armor Plating | -7/Factory | Scanalyzed Arm. Huge Wheel | -7/Factory | Scanalyzed Imp. Propulsion Shielding | -7/Factory | Scanalyzed Proton Cannon | -6/Factory | Hacked Exp. Cooling System | -4/Factory | Scanalyzed Adv. Hacking Suite | -4/Factory | Scanalyzed Imp. System Restoration Module | -4/Factory | Scanalyzed Hvy. Tesla Rifle | -4/Factory | Scanalyzed Adv. Datajack | -4/Factory | Scanalyzed Exp. Matter Compressor | -4/Factory | Scanalyzed Adv. KE Penetrator | -4/Factory | Scanalyzed Energy Mantle | -4/Factory | Scanalyzed Cld. Proton Cannon | -4/Factory | Scanalyzed Adv. EM Disruption Field | -4/Factory | Scanalyzed Plasma Lance | -4/Factory | Scanalyzed Exp. Terrain Scanner | -3/Research | Hacked Impulse Thruster Array | -3/Armory | Hacked Molecular Scythe | -2/Research | Scanalyzed Enh. Nova Cannon | -2/Research | Hacked Cmb. Linear Gravjet | -2/Research | Hacked Robot Schematics ------------------ P-70 Sage | -4/Factory | Hacked M-36 Artificer | -4/Factory | Hacked I-47 Archangel | -3/Research | Hacked Fabricated ------------ Enh. Nova Cannon | x1 | -4/Factory | Preloaded M-36 Artificer | x1 | -4/Factory | Authchip P-70 Sage | x2 | -4/Factory | Authchip Exp. Cooling System | x1 | -4/Factory | Authchip M-36 Artificer | x1 | -3/Research | Authchip Exp. Terrain Scanner | x1 | -3/Research P-70 Sage | x2 | -3/Armory P-70 Sage | x2 | -3/Armory Imp. System Restoration Module | x2 | -3/Armory Alien Tech Used ----------------- Core Expander Integrated Dissipator Achievements -------------- One Last FU Challenges ------------ None Game ------ Seed ProtonMediumGuard Manual? 0 Play Time 08:20:15 Cumulative 369.1 hours Start 2022.06.14 @ 02:13:22 End 2022.06.14 @ 22:26:20 Sessions 5 Manual Loads 0 Difficulty Rogue Special Mode None Game No. 97 Rogue 97 Adventurer 0 Explorer 0 Win Type 0 Total 19 Types 15/1/3/0/0/0/0/0/0 Lore% 90 Gallery% 91 Achievement% 77 Wizard Run 0 Options --------- ASCII 0 Keyboard 0 Movement Numpad Keybinds 0 Fullscreen 1 Font 14/SmallcapsGlow Map View 84x54 Tactical HUD 1 Map Filters NONE Filters NONE Steam 1 RUN: a60e9ab9-9387-4fdf-94c9-354a00c3d73b